 Dungeon Crawl Stone Soup version 0.21.1-1-g345015f (webtiles) character file.

9500859 Redear the Grand Master (level 27, 317/367 HPs)
             Began as a White Draconian Transmuter on Mar 31, 2018.
             Was the Champion of Ru.
             Escaped with the Orb
             ... and 15 runes on Apr 4, 2018!
             The game lasted 1 day 16:59:11 (184821 turns).

Redear the Grand Master (DrTm)                Turns: 184821, Time: 1 , 16:59:13

Health: 317/367    AC: 23    Str: 27      XL:     27
Magic:  35/37      EV: 20    Int: 17 (19) God:    Ru [******]
Gold:   14790      SH:  0    Dex: 14      Spells: 7/79 levels left

rFire    + + .     SeeInvis .     - Unarmed
rCold    + + .     Gourm    .   (shield currently unavailable)
rNeg     . . .     Faith    .   (armour unavailable)
rPois    +         Spirit   .   (helmet currently unavailable)
rElec    .         Reflect  .   (cloak currently unavailable)
rCorr    .         Harm     .   (gloves currently unavailable)
MR       +++..     Rnd*Rage +   (boots currently unavailable)
Stlth    +.........             A - amulet of magic regeneration
HPRegen  0.00/turn              q - ring "Huavuyp" {Wiz rF+++ Str+4 Int+4 Dex-4}
MPRegen  0.50/turn              T - ring of the Mage {Wiz MR++ Int+3}

@: mildly poisoned (317 -> 311), dragon-form, flying, glowing, deflect missiles
A: giant, breathe frost, unfitting armour, berserk 3, blink, blurry vision 3,
clumsy 1, deterioration 2, dopey 2, frail 1, low mp 3, screaming 3, inhibited
regeneration, weak 1, no potion heal 2, subdued magic 2, inability to use
devices, hated by all, magic vulnerability 1, disrupted magic 1, missing an eye,
AC +13
0: Orb of Zot
}: 15/15 runes: decaying, slimy, silver, golden, iron, obsidian, icy, bone,
abyssal, demonic, glowing, magical, fiery, dark, gossamer
a: Breathe Frost, End Transformation, Blink, Draw Out Power, Power Leap,
Apocalypse, Renounce Religion


You escaped.
You worshipped Ru.
Ru was exalted by your worship.
You were not hungry.
You were a fearsome dragon!
You visited 18 branches of the dungeon, and saw 89 of its levels.
You visited Pandemonium 7 times, and saw 31 of its levels.
You visited the Abyss 5 times.
You visited 1 ziggurat, and saw 10 of its levels.

You collected 22632 gold pieces.
You spent 7842 gold pieces at shops.

Inventory:

Hand Weapons
 r - a +9 hand crossbow of venom
 v - the +6 arbalest "Damnation" {damnation}
   (You found it on level 7 of Tartarus)
Missiles
 l - 25 arrows
 I - 1688 bolts
Armour
 o - a +2 pair of boots of stealth (melded)
 s - the +0 pair of fencer's gloves (melded) {+Riposte Dex+3}
   (You found it on level 1 of the Depths)

   It affects your dexterity (+3).
 C - a +2 pair of gloves of archery
 J - the +0 cloak of Omission (melded) {*Drain Str+5 Int+4 Dex+2}
   (You found it in Pandemonium)

   It affects your strength (+5).
   It affects your intelligence (+4).
   It affects your dexterity (+2).
   It causes draining when unequipped.
 O - a +8 large shield of reflection (melded)
 S - the +5 robe of Night {Dark MR+ SInv}
   (You found it on level 3 of the Tomb of the Ancients)

   It affects your resistance to hostile enchantments.
   It lets you see invisible.
Magical Staves
 W - an uncursed staff of energy
Jewellery
 a - the ring of the Ladybird {rElec rPois rF- MR+}
   (You found it on level 3 of the Depths)

   [ring of protection from magic]

   It makes you vulnerable to fire.
   It insulates you from electricity.
   It protects you from poison.
   It affects your resistance to hostile enchantments.
 e - the ring of Xion {rF++ Str+3 Int-2}
   (You found it on level 5 of the Realm of Zot)

   [ring of intelligence]

   It affects your strength (+3).
   It affects your intelligence (-2).
   It greatly protects you from fire.
 q - the ring "Huavuyp" (left foreclaw) {Wiz rF+++ Str+4 Int+4 Dex-4}
   (You took it off an efreet in Pandemonium)

   [ring of wizardry]

   It improves your spell success rate.
   It affects your strength (+4).
   It affects your intelligence (+4).
   It affects your dexterity (-4).
   It renders you almost immune to fire.
 z - the ring "Qehikunuyl" {Dex+7 SInv}
   (You found it on level 3 of the Vaults)

   [ring of see invisible]

   It affects your dexterity (+7).
   It lets you see invisible.
 A - an amulet of magic regeneration (around neck)
 B - the ring of Uptywku {rCorr rElec Dex+2}
   (You found it on level 10 of a ziggurat)

   [ring of resist corrosion]

   It affects your dexterity (+2).
   It insulates you from electricity.
 E - the ring "Daiv" {rF+ rC++ Dex+2}
   (You found it on level 3 of the Crypt)

   [ring of dexterity]

   It affects your dexterity (+2).
   It protects you from fire.
   It greatly protects you from cold.
 F - an uncursed ring of protection from magic
 G - an uncursed ring of positive energy
 H - an uncursed amulet of regeneration
 T - the ring of the Mage (right foreclaw) {Wiz MR++ Int+3}
   (You found it on level 4 of the Depths)

   [ring of wizardry]

   It improves your spell success rate.
   It affects your intelligence (+3).
   It affects your resistance to hostile enchantments.
 U - an uncursed ring of positive energy
 X - the cursed necklace of Bloodlust {*Rage +Rage MR++ Int-3 Slay+6 *Curse}
   (You took it off a vampire knight on level 7 of Tartarus)

   [amulet of rage]

   It affects your intelligence (-3).
   It affects your accuracy and damage with ranged weapons and melee attacks
   (+6).
   It affects your resistance to hostile enchantments.
   It lets you go berserk.
   It may make you go berserk in combat.
   It curses itself when equipped.
   It has a curse placed upon it.
Scrolls
 d - 3 scrolls of amnesia
 k - 2 scrolls of magic mapping
 n - a scroll of torment
 p - 12 scrolls of immolation
 u - 38 scrolls of remove curse
 w - 4 scrolls of holy word
 y - 3 scrolls of identify
 K - 48 scrolls of teleportation
 L - a scroll of enchant armour
 M - 3 scrolls of fog
 Y - 16 scrolls of fear
 Z - 4 scrolls of silence
Potions
 f - 7 potions of magic
 h - 7 potions of brilliance
 i - 6 potions of resistance
 j - 5 potions of berserk rage
 m - 3 potions of ambrosia
 t - 12 potions of flight
 x - 6 potions of cancellation
 Q - 2 potions of invisibility
 R - 16 potions of curing
 V - 3 potions of heal wounds
Books
 b - a Necronomicon

   Spells                             Type                      Level
   a - Haunt                          Necromancy/Summoning         7
   b - Borgnjor's Revivification      Necromancy                   8
   c - Death's Door                   Charms/Necromancy            8
   d - Infestation                    Necromancy                   8
   e - Necromutation                  Transmutation/Necromancy     8
 N - the Grimoire of the Voyage and Beguiling
   (You found it on level 7 of Tartarus)

   Spells                             Type                      Level
   a - Corona                         Hexes                        1
   b - Ensorcelled Hibernation        Hexes/Ice                    2
   c - Tukima's Dance                 Hexes                        3
   d - Portal Projectile              Hexes/Translocation          3
   e - Confuse                        Hexes                        3
   f - Discord                        Hexes                        8
Miscellaneous
 P - a figurine of a ziggurat
Comestibles
 c - 25 rations


   Skills:
 O Level 27 Fighting
 O Level 27 Crossbows
 O Level 27 Dodging
 - Level 14.5 Stealth
 O Level 27 Shields
 O Level 27 Unarmed Combat
 + Level 26.6 Spellcasting
   Level 7.8 Conjurations
 - Level 12.3 Hexes
 - Level 11.3 Charms
 - Level 18.2 Necromancy
 - Level 19.0 Translocations
 - Level 17.0 Transmutations
 - Level 12.0 Ice Magic
 - Level 11.1 Air Magic
 O Level 27 Earth Magic


You had 7 spell levels left.
You knew the following spells:

 Your Spells              Type           Power        Failure   Level  Hunger
a - Statue Form           Tmut/Erth      ######...    1%          6    ###....
b - Deflect Missiles      Chrm/Air       #####.....   1%          6    ###....
c - Song of Slaying       Chrm           #####...     0%          2    None
d - Darkness              Hex            #####.....   1%          6    ###....
e - Borgnjor's Revivific  Necr           ######....   1%          8    ######.
f - Shatter               Erth           ######....   1%          9    #######
g - Controlled Blink      Tloc           N/A          1%          8    ######.
h - Dragon Form           Tmut           ######....   1%          7    #####..
i - Silence               Hex/Air        #####.....   1%          5    None
j - Regeneration          Chrm/Necr      #####.....   0%          3    None
k - Ozocubu's Armour      Chrm/Ice       #####...     1%          3    None
l - Necromutation         Tmut/Necr      ######....   1%          8    ######.
m - Apportation           Tloc           ######       0%          1    None


Dungeon Overview and Level Annotations

Branches:
Dungeon (15/15)            Temple (1/1) D:6            Lair (6/6) D:10
  Swamp (4/4) Lair:4       Spider (4/4) Lair:4        Slime (5/5) Lair:6
    Orc (2/2) D:9             Elf (3/3) Orc:2        Vaults (5/5) D:14
  Crypt (3/3) Vaults:2       Tomb (3/3) Crypt:3      Depths (5/5) D:15
   Hell (1/1)                 Dis (7/7) Hell            Geh (7/7) Hell
    Coc (7/7) Hell            Tar (7/7) Hell            Zot (5/5) Depths:5

Altars:
Ashenzari
Cheibriados
Dithmenos
Elyvilon
Fedhas
Gozag
Hepliaklqana
Kikubaaqudgha
Makhleb
Nemelex Xobeh
Okawaru
Qazlal
Ru
Sif Muna
Trog
Uskayaw
Vehumet
Wu Jian
Xom
Yredelemnul
Zin
The Shining One
Beogh
Jiyva

Shops:
D:5 ?:(   D:9 (?}?   D:11 [   Orc:2 (:[*   Elf:1 [   Elf:2 :   Elf:3 :
Vaults:2 (   Vaults:4 :   Depths:5 ?*

Portals:
Hell: Depths:1 Depths:2 Depths:3 Depths:4 Depths:5
Abyss: Depths:2 Depths:3 Depths:4
Pandemonium: Depths:2 Depths:3
Trove: Elf:3 (give demon whip "Spellbinder")

Annotations:
Slime:4 Dissolution


Innate Abilities, Weirdness & Mutations

You can breathe waves of freezing cold.
You can buffet flying creatures when you breathe cold.
Your icy white scales are hard. (AC +13)
You cannot fit into any form of body armour.
((Your flesh is almost immune to the effects of cold. (rC+++)))
Your magical capacity is extremely low. (-30% MP)
You are weak. (Str -2)
((You are cold-blooded and may be slowed by cold attacks.))
You cannot study or use magical devices.
You are hated by all.
You are slightly vulnerable to magic. (MR-)
Your casting is slightly disrupted.
You are missing an eye, making it more difficult to aim.
((You have a beak for a mouth.))
You have an uncontrollable temper.
You can translocate small distances at will.
Scrolls take you much longer to read.
You are clumsy. (Dex -2)
Your body often deteriorates upon taking damage.
You are very dopey. (Int -4)
You are frail. (-10% HP)
You frequently scream uncontrollably at your foes.
You do not regenerate when monsters are visible.
Potions are poor at restoring your health.
Your spells are easier to cast, but less powerful.


Message History

You feel sick.
The hellwing burns!
The neqoxec gestures at you.
Something tries to feed on your intellect!
The cherub unwields an uncursed flail of flaming.
It stops flaming.
The cherub wields a fustibalus.
The cherub shoots a stone.
You deflect the stone!
The stone dissolves into sparkling lights!
The hellwing barely misses you.
The hellwing hits you but does no damage.
The hellwing burns!
The seraph begins to attack, but is stunned by your will!
The hellwing is stunned by your will and fails to attack.
There is a staircase leading out of the dungeon here.
Unknown command.
You feel sick.
The hellwing burns!
The seraph gestures.
The seraph begins to accept its allies' injuries.
The angel completely misses you. The angel hits you but does no damage.
The hellwing hits you but does no damage. x2
You have escaped!

░░░░░░░░░░░░░░░░░░░░░░░░
░܁܁܁܁܁܁܁܁܁܁܁܁܁܁܁܁܁܁܁܁≈≈░
░܁•܁܁܁܁܁܁܁܁܁܁܁܁≈≈≈≈≈≈≈≈░
░܁•܁܁܁܁≈≈≈≈≈≈≈≈≈≈≈≈≈≈≈܁░
░܁≈≈≈≈≈≈≈≈≈≈≈≈≈≈≈≈܁܁܁܁܁܁
░≈≈≈≈≈≈≈≈≈≈≈≈≈≈≈܁܁܁܁܁܁܁܁
░≈≈≈≈≈≈܁܁܁܁܁܁܁܁܁܁܁܁܁܁܁܁܁
░≈≈≈≈܁܁܁4܁܁܁܁܁܁܁≈≈≈≈܁܁܁░
░░≈≈܁܁܁DA332܁܁܁≈≈≈≈≈≈≈≈░
░░░░܁܁܁4A܁܁≈≈3≈5܁≈≈≈≈≈░
░░░░≈≈≈≈≈A≈܁܁܁§܁܁܁܁░
░≈≈≈≈≈≈≈A5A܁A•܁܁܁܁܁܁ ░░░
░░░░░░░░░܁܁5⚔܁܁܁܁܁܁܁ ░܁░
░܁░ ░܁░܁░░░░░░܁܁܁܁░░ ░܁░
░܁░░░܁░܁░ ░܁܁܁܁܁░ ░܁░
░܁܁܁܁܁░܁░ ░܁܁܁܁܁܁ ░܁░
░░܁░░܁░܁░ ░܁܁܁܁܁░


You could see a seraph, 3 angels, a cherub, a green death, 2 hellwings, 2 smoke
demons, a neqoxec and an iron imp.

Vanquished Creatures
  Cerebov (Pan)
  Antaeus (Coc:7)
  Asmodeus (Geh:7)
  Ereshkigal (Tar:7)
  Gloorx Vloq (Pan)
  the Serpent of Hell (Coc:7)
  the Royal Jelly (Slime:5)
  Ignacio (Pan)
  Mnoleg (Pan)
  A seraph (Pan)
  Lom Lobon (Pan)
  Dispater (Dis:7)
  11 ancient liches
  4 orbs of fire
  Mara (Tomb:2)
  A juggernaut (Depths:3)
  23 pandemonium lords (Pan)
  28 greater mummies
  Sojobo (Depths:3)
  7 shard shrikes
  Margery (Crypt:1)
  2 curse toes
  11 caustic shrikes
  5 Killer Klowns
  11 profane servitors
  14 golden dragons
  Geryon (Hell)
  Arachne (Spider:3)
  Jory (Vaults:2)
  52 Brimstone Fiends
  35 bone dragons
  9 iron giants (Dis:7)
  55 Tzitzimimeh
  3 electric golems
  16 doom hounds
  2 pearl dragons (Pan)
  3 hellephants
  25 liches
  19 tentacled monstrosities
  19 Hell Sentinels
  9 quicksilver dragons
  34 Ice Fiends
  2 deep elf blademasters (Elf:3)
  Asterion (Spider:3)
  27 Orb Guardians
  8 titans
  67 Executioners
  2 deep elf master archers (Elf:3)
  18 ancient champions
  11 sphinxes
  18 acid blobs
  5 death cobs
  6 eldritch tentacles
  58 tentacled starspawn
  18 storm dragons
  25 shadow dragons
  11 tengu reavers
  Kirke (Swamp:3)
  15 azure jellies
  2 thorn hunters
  4 draconian monks
  8 revenants
  Donald (Spider:4)
  25 fire giants
  19 daevas
  14 iron dragons
  The ghost of CollectiveS the Sculptor of Flesh, a journeyman MiFi of Yredelemnul (Swamp:2)
  4 draconian knights
  8 deep elf sorcerers
  16 vault wardens
  9 ghost moths
  6 deep elf elementalists
  5 draconian scorchers
  26 angels
  25 frost giants
  51 cacodemons
  An orc warlord (Orc:2)
  15 warmongers (Pan)
  10 draconian shifters
  74 balrugs
  Louise (Spider:3)
  7 draconian stormcallers
  Aizul (Crypt:1)
  5 emperor scorpions
  16 ghouls
  7 curse skulls
  15 war gargoyles
  5 spriggan defenders
  11 draconian annihilators
  88 reapers
  39 very ugly things
  2 entropy weavers
  11 ironheart preservers
  24 stone giants
  22 blood saints (Pan)
  The ghost of p0werm0de the Covert, a journeyman GnEn of Ashenzari (Elf:1)
  4 elemental wellsprings
  10 green draconians
  21 apis
  23 vampire knights
  22 black suns
  16 corrupters (Pan)
  11 ophanim
  20 deep elf annihilators
  The ghost of
  1994 the Grappler, a journeyman DrTm of Makhleb (Lair:4)
  7 deep elf demonologists
  224 large abominations
  5 spark wasps
  9 dire elephants (Abyss:4)
  9 black draconians
  11 purple draconians
  Azrael (D:12)
  24 lorocyprocas
  7 red draconians
  11 white draconians
  4 eidola
  13 yellow draconians
  51 blizzard demons
  10 deep elf death magi
  3 crystal guardians (Elf:3)
  52 green deaths
  6 death oozes (Slime:5)
  2 merfolk impalers
  11 deep elf high priests
  22 ettins
  11 fire dragons
  A minotaur (shapeshifter) (Vaults:5)
  24 mummy priests
  23 jiangshi
  Erolcha (D:11)
  23 great orbs of eyes
  3 kraken zombies
  32 vault guards
  9 quicksilver dragon zombies
  27 yaktaur captains
  28 hydras
  4 catoblepae
  6 hell beasts
  7 spriggan air magi
  31 ice dragons
  2 juggernaut simulacra (Pan)
  7 quicksilver dragon skeletons
  29 monstrous demonspawn
  25 rakshasas
  36 two-headed ogres
  5 ghost crabs
  13 alligators
  6 centaur warriors
  33 dancing weapons
  A two-headed ogre (shapeshifter) (Depths:4)
  A satyr (Abyss:4)
  11 death knights
  A spectral frost giant (Crypt:3)
  A merfolk aquamancer (Depths:3)
  7 death yaks
  4 deep troll earth magi
  An alligator (shapeshifter) (Vaults:5)
  88 death scarabs
  7 titan zombies
  7 deep troll shamans
  17 ogre magi
  3 orc high priests
  4 iron golems
  49 thrashing horrors
  41 hell hogs
  5 tengu warriors
  7 spriggans
  11 spriggan berserkers
  2 shock serpents (shapeshifter)
  4 iron trolls
  14 vampire magi
  24 deep elf knights
  9 storm dragon zombies
  167 sun demons
  6 holy swine (Pan)
  67 hell knights
  108 soul eaters
  15 spatial maelstroms
  12 titan skeletons
  Sonja (D:15)
  16 shadow wraiths
  2 spark wasp zombies (Depths:2)
  43 wretched stars
  61 sixfirhies
  198 skeletal warriors
  A sea snake (shapeshifter) (Vaults:5)
  A fire crab (shapeshifter) (Vaults:1)
  8 storm dragon skeletons
  13 cherubim
  A fire crab (Abyss:4)
  15 flayed ghosts
  230 starcursed masses
  12 glowing orange brains
  48 shadow demons
  10 wizards
  6 ghost moth zombies
  8 golden dragon zombies
  30 deep trolls
  6 unseen horrors
  13 swamp dragons
  4 death drakes
  20 gelid demonspawn (Pan)
  16 torturous demonspawn (Pan)
  7 golden dragon skeletons
  14 orc knights
  A shambling mangrove (Swamp:4)
  A glowing orange brain (shapeshifter) (Depths:4)
  23 infernal demonspawn
  13 anaconda zombies
  A spriggan druid (Swamp:4)
  A harpy (shapeshifter) (D:14)
  4 lindwurms
  8 iron dragon zombies
  20 phantasmal warriors
  11 ironbrand convokers
  5 anaconda skeletons
  10 shadow dragon zombies
  4 tengu zombies
  15 harpies
  22 deep elf archers
  63 ugly things
  The ghost of
  1994 the Insei, a novice DgTm (D:6)
  26 necromancers
  A mana viper (shapeshifter) (Abyss:1)
  87 deep elf magi
  A sphinx zombie (Vaults:1)
  18 orb spiders
  8 shadow dragon skeletons
  11 stone giant zombies
  A wolf spider (shapeshifter) (Zig:5)
  24 oklob plants
  25 wolf spiders
  3 wolf spider zombies
  7 cyclopes
  7 frost giant zombies
  3 salamanders
  6 orc sorcerers
  22 worldbinders
  4 manticores
  13 fire giant zombies
  A spectral ettin (Crypt:3)
  26 moths of wrath
  9 shining eyes
  13 iron dragon skeletons
  2 sphinx skeletons
  Maurice (D:12)
  15 vault sentinels
  7 elephants
  52 rust devils
  A black mamba (shapeshifter) (Depths:2)
  Joseph (D:9)
  3 guardian serpents
  133 smoke demons
  10 eyes of devastation
  14 frost giant skeletons
  7 stone giant skeletons
  14 fire giant skeletons
  5 gargoyles
  13 apocalypse crabs
  Psyche (D:12)
  2 guardian serpents (shapeshifter)
  5 dire elephant zombies
  13 molten gargoyles
  11 ice statues
  A naga mage (Depths:3)
  3 black mambas
  A titan simulacrum (Coc:7)
  61 hellions
  3 torpor snails
  A torpor snail (shapeshifter) (Depths:1)
  A spiny frog (shapeshifter) (Vaults:1)
  75 orange demons
  A shock serpent skeleton (Coc:1)
  5 centaur skeletons
  3 shock serpent zombies
  6 catoblepas zombies
  17 spiny frogs
  2 spriggan zombies (Hell)
  2 elf zombies
  A kobold demonologist (D:15)
  56 freezing wraiths
  A komodo dragon (shapeshifter) (Depths:4)
  A rime drake (Lair:6)
  46 demonic crawlers
  A yaktaur zombie (Hell)
  65 hellwings
  58 tormentors
  57 yaktaurs
  69 ice devils
  27 efreet
  2 yaktaurs (shapeshifter) (Vaults:3)
  5 dire elephant skeletons
  A death yak skeleton (Crypt:1)
  A grey draconian skeleton (Crypt:1)
  11 komodo dragons
  33 ancient zymes
  47 guardian mummies
  4 harpy zombies
  2 catoblepas skeletons
  A black draconian skeleton (Crypt:2)
  A yellow draconian skeleton (Crypt:2)
  A queen bee (shapeshifter) (Vaults:3)
  4 tengu conjurers
  A redback zombie (D:15)
  100 red devils
  3 meliai (D:15)
  A jumping spider (shapeshifter) (Vaults:1)
  A merfolk (Depths:3)
  6 trolls
  A shadow dragon simulacrum (Abyss:4)
  19 hydra zombies
  3 polar bears
  3 tyrant leeches
  22 jumping spiders
  A sphinx simulacrum (Depths:2)
  A wind drake (shapeshifter) (Depths:5)
  24 hornets
  3 silent spectres
  A wolf spider simulacrum (Coc:7)
  A moth of wrath zombie (Crypt:2)
  6 harpy skeletons
  75 raiju
  17 blink frogs
  4 alligator zombies
  7 ice dragon zombies
  An iron dragon simulacrum (Abyss:1)
  10 hydra skeletons
  134 slime creatures
  6 hippogriffs
  12 bog bodies
  7 ettin zombies
  3 hippogriffs (shapeshifter)
  3 black mamba zombies
  10 ettin skeletons
  2 snapping turtles (shapeshifter)
  A fire giant simulacrum (Vaults:4)
  217 flying skulls
  2 spriggan skeletons
  A shock serpent simulacrum (Coc:7)
  35 redbacks
  A spriggan (shapeshifter) (D:15)
  60 shadows
  23 tarantellas
  47 wraiths
  6 fire dragon zombies
  A dire elephant simulacrum (Abyss:4)
  12 fire dragon skeletons
  33 water elementals
  9 air elementals
  Sigmund (D:3)
  4 wyverns
  133 ynoxinuls
  7 ice dragon skeletons
  2 alligator skeletons
  4 ushabtiu (Tomb:1)
  38 fire elementals
  2 tarantellas (shapeshifter)
  6 humans
  2 yaks (shapeshifter)
  6 black mamba skeletons
  13 fire bats
  19 golden eyes
  2 basilisks (shapeshifter)
  2 vampires
  8 hungry ghosts
  11 vampire mosquitoes
  102 chaos spawn
  45 yaks
  3 hogs (D:7)
  3 basilisks
  80 neqoxecs
  28 insubstantial wisps
  3 ogre zombies
  5 wargs
  A human simulacrum (Vaults:5)
  A harpy simulacrum (Abyss:1)
  28 swamp worms
  3 nagas (Depths:3)
  3 acid dragons
  3 hydra simulacra
  17 spatial vortices
  An elf skeleton (Vaults:1)
  12 spiny frog zombies
  20 water moccasins
  2 floating eyes (shapeshifter)
  14 porcupines
  95 hell hounds
  7 floating eyes
  A manticore zombie (Coc:7)
  5 sky beasts
  8 swamp drakes
  A black bear (Lair:2)
  33 orc warriors
  An infernal demonspawn skeleton (Tar:1)
  5 swamp dragon zombies
  9 ice beasts
  A black bear (shapeshifter) (Abyss:3)
  17 eyes of draining
  9 phantoms
  6 snapping turtle zombies
  A dream sheep zombie (Crypt:1)
  An alligator simulacrum (Coc:7)
  6 manticore skeletons
  6 spiny frog skeletons
  6 human zombies
  39 necrophages
  2 wolves (Zig:7)
  45 ogres
  4 ettin simulacra
  An ice dragon simulacrum (Abyss:1)
  An ogre (shapeshifter) (Depths:4)
  16 crocodiles
  2 swamp dragon skeletons
  3 centaurs
  A crocodile (shapeshifter) (Depths:4)
  A blink frog skeleton (Crypt:2)
  6 snapping turtle skeletons
  5 big kobolds
  An octopode zombie (Crypt:2)
  14 bullfrogs
  90 small abominations
  A wyvern zombie (D:12)
  5 earth elementals
  3 spiny frog simulacra
  A wyvern skeleton (Crypt:2)
  3 scorpions
  A manticore simulacrum (Coc:7)
  5 killer bees (D:10)
  A polar bear skeleton (Crypt:1)
  113 wights
  A howler monkey (D:4)
  A troll zombie (Dis:5)
  6 electric eels
  A bullfrog zombie (D:12)
  16 crimson imps
  17 quasits
  6 centaur zombies
  16 jellies
  An elf simulacrum (Coc:7)
  23 orc priests
  3 hounds
  A hound (shapeshifter) (Vaults:2)
  19 orc wizards
  An iguana (shapeshifter) (Vaults:5)
  36 iron imps
  5 human skeletons
  Terence (D:3)
  7 iguanas
  A spriggan simulacrum (Coc:4)
  2 porcupine skeletons
  13 worker ants
  A felid skeleton (Crypt:1)
  A naga skeleton (Coc:4)
  A hound zombie (D:6)
  47 mummies
  7 gnolls (D:7)
  10 adders
  20 shadow imps
  66 white imps
  10 ufetubi
  5 oozes
  2 adder zombies
  A worm (D:3)
  2 dart slugs
  6 leopard geckos
  67 orcs
  5 giant cockroaches
  5 goblins
  A hobgoblin (D:3)
  13 jackals
  3 quokkas
  A ball python (D:2)
  A ball python skeleton (Crypt:1)
  7 bats
  5 frilled lizards
  A giant cockroach zombie (D:6)
  13 kobolds
  4 kobold zombies
  6 rats
  A spectral kobold (Crypt:3)
  19 bushes (Zot:3)
  2 crawling corpses (Elf:3)
  A fire vortex (Geh:7)
  18 fungi (Zot:3)
  3 lurking horrors
  30 plants
  38 starspawn tentacles
  7 tentacles
8027 creatures vanquished.

Vanquished Creatures (others)
  An ancient lich (Zot:5)
  A caustic shrike (Depths:5)
  A Brimstone Fiend (Geh:3)
  An electric golem (Zot:5)
  A tentacled monstrosity (Zot:4)
  Jorgrun (Tomb:2)
  5 eldritch tentacles
  An ancient champion (Dis:7)
  2 Executioners (Pan)
  2 tentacled starspawn
  A fire giant (Depths:2)
  An elemental wellspring (Coc:3)
  3 reapers
  A blood saint (Pan)
  A black sun (Pan)
  A blizzard demon (Pan)
  A jiangshi (Crypt:3)
  A deep elf high priest (Elf:3)
  4 green deaths (Pan)
  2 hydras
  3 rakshasas
  2 hell beasts
  A vault guard (Vaults:5)
  A spriggan air mage (Depths:2)
  A dancing weapon (Elf:3)
  24 death scarabs
  2 hell hogs
  A thrashing horror (Abyss:1)
  3 sun demons
  A soul eater (Pan)
  A storm dragon zombie (Tar:7)
  3 skeletal warriors
  2 sixfirhies
  A shadow demon (Tar:7)
  2 anaconda zombies (Coc:7)
  A necromancer (Geh:5)
  A wizard (Pan)
  An anaconda skeleton (Coc:2)
  A phantasmal warrior (Abyss:4)
  A deep elf archer (Elf:1)
  An orc sorcerer (Vaults:5)
  A frost giant zombie (Hell)
  A shining eye (Slime:5)
  A fire giant skeleton (Geh:7)
  2 moths of wrath (Zot:5)
  4 smoke demons
  2 demonic crawlers (Pan)
  A hellion (Geh:7)
  3 guardian mummies
  An ice devil (Coc:7)
  A hellwing (Pan)
  3 yaktaurs
  An ancient zyme (Abyss:1)
  2 red devils
  A merfolk (Depths:3)
  A blink frog (Abyss:3)
  An ettin zombie (Tar:3)
  An ice dragon zombie (Hell)
  6 flying skulls
  A water elemental (Depths:2)
  3 ynoxinuls
  An orc simulacrum (Vaults:1)
  3 large abominations
  A wraith (Abyss:1)
  A fire elemental (Hell)
  6 chaos spawn (Pan)
  7 small abominations
  A spiny frog zombie (Geh:3)
  An ice beast (Coc:7)
  A phantom (Geh:5)
  A sky beast (shapeshifter) (Vaults:4)
  A crocodile (Lair:6)
  A spriggan skeleton (Tomb:2)
  3 starcursed masses
  An orc wizard (D:4)
  2 iron imps
  2 mummies (Tomb:2)
  4 shadow imps
  2 white imps (Coc:7)
  4 ball lightnings (Pan)
  2 orcs
  A kobold (D:10)
  4 demonic plants (Pan)
  5 fungi
  4 lurking horrors
  32 plants
  105 starspawn tentacles
  14 tentacles
333 creatures vanquished.

Grand Total: 8360 creatures vanquished

Notes
Turn   | Place    | Note
-------+----------+-------------------------------------------
     0 | D:1      | Redear the Draconian Transmuter began the quest for the Orb.
     0 | D:1      | Reached XP level 1. HP: 16/16 MP: 3/3
   402 | D:1      | Reached XP level 2. HP: 21/23 MP: 5/5
  1139 | D:2      | Reached XP level 3. HP: 18/28 MP: 6/6
  2026 | D:3      | Learned a level 2 spell: Sticks to Snakes
  2091 | D:3      | Found a glowing golden altar of the Shining One.
  2193 | D:3      | Reached XP level 4. HP: 18/35 MP: 7/7
  2406 | D:3      | Noticed Terence
  2421 | D:3      | Killed Terence
  2421 | D:3      | Reached skill level 5 in Unarmed Combat
  2504 | D:3      | Noticed Sigmund
  3160 | D:3      | Found a faded altar of an unknown god.
  3974 | D:4      | Reached XP level 5. HP: 35/40 MP: 8/8
  4208 | D:4      | Got a slimy hand axe {drain}
  4212 | D:4      | Identified the +0 hand axe of Roylaczi {drain, rF+ Int+7} (You took it off an orc wizard on level 4 of the Dungeon)
  4314 | D:4      | Reached XP level 6. HP: 27/47 MP: 9/9
  4524 | D:4      | HP: 2/47 [orc priest/divine providence (15)]
  5295 | D:5      | Entered Level 5 of the Dungeon
  5364 | D:5      | Found an opulent altar of Gozag.
  5404 | D:5      | Found Hytwei's Food Shoppe.
  5617 | D:5      | Your scales start taking on an icy white colour.
  5617 | D:5      | Reached XP level 7. HP: 47/51 MP: 10/10
  5617 | D:5      | Gained mutation: Your flesh is cold resistant. (rC+) [White Draconian growth]
  5720 | D:5      | Found Zihug's Book Emporium.
  5726 | D:5      | Found Kaaptu's Weapon Shop.
  5794 | D:5      | Found Odghynk's Magic Scroll Shoppe.
  5873 | D:5      | Bought a scroll of teleportation for 30 gold pieces
  5873 | D:5      | Bought a scroll of teleportation for 30 gold pieces
  5873 | D:5      | Bought a scroll of enchant armour for 75 gold pieces
  5873 | D:5      | Bought a scroll of identify for 20 gold pieces
  5873 | D:5      | Bought a scroll of identify for 20 gold pieces
  6422 | D:6      | Noticed 1994's ghost (novice DgTm)
  6536 | D:6      | Found a white marble altar of Elyvilon.
  6641 | D:6      | Found a staircase to the Ecumenical Temple.
  6650 | Temple   | Entered the Ecumenical Temple
  6744 | Temple   | Became a worshipper of Ru the Awakened
  7135 | D:7      | Reached XP level 8. HP: 49/58 MP: 11/11
  7318 | D:7      | Reached skill level 10 in Unarmed Combat
  7378 | D:7      | Found an ornate altar of the Wu Jian Council.
  8029 | D:7      | Found a basalt altar of Yredelemnul.
  8034 | D:7      | Reached XP level 9. HP: 63/63 MP: 12/12
  8397 | D:8      | Noticed a two-headed ogre
  8786 | D:8      | Found a blossoming altar of Fedhas.
  9154 | D:8      | Reached skill level 5 in Fighting
  9167 | D:8      | Found a burning altar of Makhleb.
  9364 | D:8      | Gained mutation: You are slightly vulnerable to magic. (MR-) [Ru sacrifice]
  9364 | D:8      | Reached * piety under Ru
  9382 | D:9      | Noticed Joseph
  9949 | D:8      | Killed a two-headed ogre
  9949 | D:8      | Reached skill level 5 in Dodging
  9949 | D:8      | Reached XP level 10. HP: 86/86 MP: 13/13
 10648 | D:9      | Killed Joseph
 10815 | D:9      | Found Senetough's Antique Weapon Boutique.
 10842 | D:9      | Found a staircase to the Orcish Mines.
 10962 | D:9      | Found Ceimeteubb's Gadget Boutique.
 10997 | D:9      | Found Vitaoc's Magic Scroll Shoppe.
 11011 | D:9      | Bought 3 scrolls of fear for 105 gold pieces
 11011 | D:9      | Bought a scroll of identify for 20 gold pieces
 11011 | D:9      | Bought a scroll of silence for 75 gold pieces
 11040 | D:9      | Found a deep blue altar of Sif Muna.
 11102 | D:9      | Found Saicsix's Magic Scroll Shop.
 11114 | D:9      | Bought a scroll of identify for 26 gold pieces
 11124 | D:9      | Learned a level 1 spell: Confusing Touch
 11127 | D:9      | Learned a level 2 spell: Blink
 11131 | D:9      | Learned a level 3 spell: Confuse
 11134 | D:9      | Learned a level 2 spell: Slow
 11219 | D:9      | Noticed an ice statue
 11292 | D:9      | Killed an ice statue
 11802 | D:10     | Entered Level 10 of the Dungeon
 11835 | D:10     | Noticed a two-headed ogre
 11844 | D:10     | Killed a two-headed ogre
 12249 | D:10     | Reached XP level 11. HP: 76/97 MP: 14/14
 12294 | D:10     | Found a staircase to the Lair.
 12946 | D:11     | Reached skill level 5 in Transmutations
 13159 | D:11     | You fall through a shaft!
 13438 | D:12     | Noticed Psyche
 13451 | D:12     | Killed Psyche
 13506 | D:12     | Noticed Azrael
 13859 | D:11     | Found Soahauff's Antique Armour Boutique.
 13871 | D:11     | Bought a twisted buckler for 247 gold pieces
 13880 | D:11     | Identified the +2 buckler "Neopsair" {Str+6} (You bought it in a shop on level 11 of the Dungeon)
 13882 | D:11     | Noticed Erolcha
 14014 | D:11     | Reached skill level 1 in Shields
 14401 | Lair:1   | Entered Level 1 of the Lair of Beasts
 14793 | Lair:1   | Noticed a four-headed hydra
 14804 | Lair:1   | Killed a four-headed hydra
 14804 | Lair:1   | Reached skill level 5 in Shields
 15030 | Lair:1   | Reached XP level 12. HP: 103/105 MP: 15/15
 16229 | Lair:2   | Reached skill level 10 in Transmutations
 16740 | Lair:3   | Noticed a death yak
 16740 | Lair:3   | Noticed a death yak
 16762 | Lair:2   | Killed a death yak
 17322 | Lair:3   | Learned a level 5 spell: Blade Hands
 17424 | Lair:3   | Killed a death yak
 17839 | Lair:3   | Reached skill level 5 in Spellcasting
 18183 | Lair:3   | Gained mutation: You cannot study or use magical devices. [Ru sacrifice]
 18183 | Lair:3   | Reached ** piety under Ru
 18183 | Lair:3   | Reached *** piety under Ru
 18574 | Lair:4   | Noticed a catoblepas
 18665 | Lair:4   | Noticed 1994's ghost (journeyman DrTm)
 18906 | Lair:4   | Noticed a five-headed hydra
 18917 | Lair:4   | Killed a five-headed hydra
 19255 | Lair:4   | Killed a catoblepas
 19539 | D:10     | Learned a level 7 spell: Dragon Form
 19541 | D:10     | Learned a level 1 spell: Corona
 19910 | Lair:4   | Killed 1994's ghost
 20456 | Lair:4   | Reached XP level 13. HP: 111/111 MP: 18/24
 20457 | Lair:4   | Found a staircase to the Swamp.
 20994 | Lair:4   | Found a hole to the Spider Nest.
 24493 | Lair:6   | Entered Level 6 of the Lair of Beasts
 25424 | Lair:6   | Found a staircase to the Slime Pits.
 26141 | Lair:6   | Reached XP level 14. HP: 118/118 MP: 21/25
 26169 | Lair:6   | Reached skill level 15 in Transmutations
 26341 | Lair:6   | Identified the Catalogue of the Compass and Earth
 26716 | D:10     | Learned a level 3 spell: Regeneration
 27057 | D:6      | Killed 1994's ghost
 27209 | D:3      | Killed Sigmund
 27470 | D:11     | Killed Erolcha
 27558 | D:12     | Noticed Sonja
 27568 | D:12     | Noticed Maurice
 27581 | D:12     | Killed Maurice
 27705 | D:12     | Killed Azrael
 29958 | Lair:2   | Reached skill level 10 in Dodging
 30079 | Lair:2   | Got a scintillating bone amulet
 30083 | Lair:2   | Identified the amulet of Oggaecy {Gourm *Drain rPois Int+2} (You found it on level 2 of the Lair of Beasts)
 30266 | D:9      | Bought a scroll of blinking for 97 gold pieces
 30266 | D:9      | Bought a scroll of teleportation for 39 gold pieces
 30266 | D:9      | Bought 3 scrolls of blinking for 292 gold pieces
 30397 | D:9      | Bought a scroll of enchant weapon for 75 gold pieces
 30397 | D:9      | Bought a scroll of enchant weapon for 75 gold pieces
 32437 | D:14     | Reached XP level 15. HP: 112/125 MP: 26/26
 32737 | D:14     | Found a gate to the Vaults.
 33455 | D:14     | Found a deep blue altar of Sif Muna.
 33479 | D:15     | Entered Level 15 of the Dungeon
 33493 | D:15     | Gained mutation: You are hated by all. [Ru sacrifice]
 33493 | D:15     | Reached **** piety under Ru
 33501 | D:15     | Killed Sonja
 33871 | D:15     | Paralysed by a floating eye for 3 turns
 34139 | D:15     | Found a staircase to the Depths.
 34731 | Orc:1    | Entered Level 1 of the Orcish Mines
 35064 | Orc:2    | Entered Level 2 of the Orcish Mines
 35489 | Orc:2    | Noticed an orc warlord
 35511 | Orc:2    | Killed an orc warlord
 35564 | Orc:2    | Found a roughly hewn altar of Beogh.
 35587 | Orc:2    | Found Hutorul's Antique Armour Shoppe.
 35592 | Orc:2    | Found Fusiel's General Store.
 35781 | Orc:2    | Found Reubish's Antique Weapon Shoppe.
 35802 | Orc:2    | Found Ciulic's Book Shoppe.
 35828 | Orc:2    | Found a staircase to the Elven Halls.
 36670 | D:5      | Bought a ration for 50 gold pieces
 36670 | D:5      | Bought a ration for 50 gold pieces
 36670 | D:5      | Bought a ration for 50 gold pieces
 36670 | D:5      | Bought a ration for 50 gold pieces
 36670 | D:5      | Bought a ration for 50 gold pieces
 36670 | D:5      | Bought a ration for 50 gold pieces
 36670 | D:5      | Bought a ration for 50 gold pieces
 36670 | D:5      | Bought a ration for 50 gold pieces
 36670 | D:5      | Bought a ration for 50 gold pieces
 36670 | D:5      | Bought a ration for 50 gold pieces
 36670 | D:5      | Bought a ration for 50 gold pieces
 36670 | D:5      | Bought a ration for 50 gold pieces
 36670 | D:5      | Bought a ration for 50 gold pieces
 36988 | Swamp:1  | Entered Level 1 of the Swamp
 37244 | Swamp:1  | Reached skill level 15 in Dodging
 37687 | Swamp:1  | Reached XP level 16. HP: 128/132 MP: 27/27
 38679 | Swamp:2  | Noticed a thorn hunter
 38686 | Swamp:2  | Killed a thorn hunter
 38798 | Swamp:2  | Noticed CollectiveS's ghost (journeyman MiFi)
 38812 | Swamp:2  | Killed CollectiveS's ghost
 38812 | Swamp:2  | Reached skill level 10 in Fighting
 39214 | Swamp:3  | Noticed Kirke
 39232 | Swamp:3  | Killed Kirke
 39917 | Swamp:4  | Entered Level 4 of the Swamp
 40005 | Swamp:4  | Noticed a thorn hunter
 40015 | Swamp:4  | Killed a thorn hunter
 40706 | Swamp:4  | Reached skill level 15 in Unarmed Combat
 40775 | Swamp:4  | Got a decaying rune of Zot
 40928 | Swamp:4  | Identified a scroll of acquirement
 41408 | Spider:1 | Entered Level 1 of the Spider Nest
 42192 | Spider:1 | Reached XP level 17. HP: 144/144 MP: 20/28
 42468 | Spider:1 | Found the +3 robe of Clouds {+Fly rElec}
 42757 | Spider:1 | You are sucked into a shaft!
 43732 | Spider:3 | Noticed Asterion
 43765 | Spider:3 | Noticed Arachne
 43819 | Spider:4 | Entered Level 4 of the Spider Nest
 44235 | Spider:4 | Noticed Donald
 44255 | Spider:4 | Killed Donald
 45338 | Spider:4 | Gained mutation: Your flesh is very cold resistant. (rC++) [mutagenic glow]
 45357 | Spider:4 | Got a gossamer rune of Zot
 46192 | Swamp:2  | Gained mutation: You are weak. (Str -2) [Ru sacrifice]
 46192 | Swamp:2  | Reached ***** piety under Ru
 46504 | D:10     | Learned a level 4 spell: Petrify
 46583 | Vaults:1 | Entered Level 1 of the Vaults
 47079 | Vaults:1 | Reached XP level 18. HP: 159/159 MP: 23/29
 47742 | Vaults:1 | Reached skill level 15 in Fighting
 49608 | Vaults:2 | Noticed a lich
 49610 | Vaults:2 | Found a staircase to the Crypt.
 49611 | Vaults:2 | Killed a lich
 49802 | Vaults:2 | Found Noyngyzu's Antique Weapon Emporium.
 50151 | Vaults:2 | Noticed Jory
 50192 | Vaults:2 | Killed Jory
 50246 | Vaults:2 | Reached XP level 19. HP: 179/179 MP: 30/30
 51060 | Vaults:2 | Gained mutation: You are missing an eye, making it more difficult to aim. [Ru sacrifice]
 52020 | Vaults:3 | Got a steaming ivory ring
 52277 | Vaults:3 | Found a shimmering altar of Xom.
 52600 | Vaults:3 | Got a fine dagger
 52686 | Vaults:3 | Identified the ring "Qehikunuyl" {Dex+7 SInv} (You found it on level 3 of the Vaults)
 52711 | Vaults:3 | Identified the +8 dagger "Qaoghym" {pierce, Dex+3} (You found it on level 3 of the Vaults)
 53031 | Vaults:3 | Found Fiolap's Book Emporium.
 53913 | Vaults:4 | Found Ezopsuikh's Book Emporium.
 54147 | Vaults:4 | Bought a book of Battle for 800 gold pieces
 54152 | Vaults:4 | Learned a level 2 spell: Song of Slaying
 54240 | Vaults:4 | Reached skill level 1 in Charms
 54246 | Vaults:4 | Reached XP level 20. HP: 193/193 MP: 23/31
 54721 | Vaults:4 | Reached skill level 5 in Charms
 55766 | Elf:1    | Entered Level 1 of the Elven Halls
 55870 | Elf:1    | Noticed p0werm0de's ghost (journeyman GnEn)
 55894 | Elf:1    | Killed p0werm0de's ghost
 55941 | Elf:1    | Paralysed by fainting for 10 turns
 56214 | Elf:1    | Got a fine flail
 57019 | Elf:1    | Identified the +6 flail of Precise Incision {drain, rC+ Dex+2 Stlth+} (You found it on level 1 of the Elven Halls)
 57036 | Elf:1    | Found Ugeo's Armour Emporium.
 57266 | Elf:1    | Identified Cytil's Volume of Supportive Confrontation
 57419 | Elf:2    | Reached skill level 10 in Charms
 57446 | Elf:2    | Reached skill level 1 in Necromancy
 57741 | Elf:2    | Found a runed gate.
 57741 | Elf:2    | Found a runed gate.
 57741 | Elf:2    | Found a runed gate.
 57809 | Elf:2    | Found Deqeneuni's One-of-a-Kind Books.
 58227 | Depths:1 | Entered Level 1 of the Depths
 58298 | Depths:1 | Found a gateway to Hell.
 58365 | Depths:1 | Found the +0 pair of fencer's gloves {+Riposte Dex+3}
 58392 | Depths:1 | Reached skill level 5 in Necromancy
 59117 | Depths:2 | Reached skill level 1 in Earth Magic
 59123 | Depths:2 | Reached XP level 21. HP: 201/201 MP: 26/32
 59470 | Depths:2 | Found a gateway to a ziggurat.
 59527 | Depths:2 | Reached skill level 5 in Earth Magic
 59770 | Depths:2 | Found a one-way gate leading to the halls of Pandemonium.
 59847 | Depths:2 | Found a one-way gate to the infinite horrors of the Abyss.
 60133 | Depths:2 | Found a white marble altar of Elyvilon.
 60711 | Depths:2 | Gained mutation: Your magical capacity is low. (-10% MP) [Ru sacrifice]
 60840 | Depths:2 | Identified Jehunta's Papyrus of Dusty Good Luck
 60998 | Depths:3 | Paralysed by a floating eye for 3 turns
 61052 | Depths:3 | Got a heavily runed silver ring
 61089 | Depths:3 | Reached skill level 10 in Earth Magic
 61133 | Depths:3 | Identified the ring of Baxiff {rPois Str+2 Int+7 Dex-3 SInv} (You found it on level 3 of the Depths)
 61164 | Depths:3 | Paralysed by a floating eye for 2 turns
 61273 | Depths:3 | Got a steaming iron ring
 61288 | Depths:3 | Identified the ring of the Ladybird {rElec rPois rF- MR+} (You found it on level 3 of the Depths)
 61314 | Depths:3 | Paralysed by a floating eye for 2 turns
 61334 | Depths:3 | Noticed a caustic shrike
 61342 | Depths:3 | Killed a caustic shrike
 61468 | Depths:3 | Paralysed by a floating eye for 2 turns
 61605 | Depths:3 | Got a fine bronze ring
 61606 | Depths:3 | Identified the cursed ring "Luelaek" {rPois MR+ Str-2 Int+6 Stlth-} (You found it on level 3 of the Depths)
 61626 | Depths:3 | Noticed a juggernaut
 61636 | Depths:3 | Killed a juggernaut
 61979 | Depths:3 | Identified the Reference Book on Igneous Talismans
 61986 | Depths:3 | Learned a level 3 spell: Ozocubu's Armour
 62177 | Depths:3 | Reached skill level 15 in Earth Magic
 62281 | Depths:3 | Noticed Sojobo
 62286 | Depths:3 | Reached XP level 22. HP: 209/209 MP: 24/29
 62294 | Depths:3 | Killed Sojobo
 62490 | Depths:3 | Found an iron altar of Okawaru.
 62797 | Depths:4 | Paralysed by a vampire knight for 3 turns
 62845 | Depths:5 | Entered Level 5 of the Depths
 62845 | Depths:5 | Found Tedise's Magic Scroll Shop.
 63258 | Depths:4 | Noticed a golden dragon
 63273 | Depths:4 | Killed a golden dragon
 63309 | Depths:4 | Noticed a golden dragon
 63313 | Depths:4 | Noticed a caustic shrike
 63313 | Depths:4 | a golden dragon changed into a caustic shrike
 63318 | Depths:4 | a caustic shrike changed into an iron dragon
 63480 | Depths:4 | Noticed a caustic shrike
 63481 | Depths:4 | Noticed a caustic shrike
 63486 | Depths:4 | Killed a caustic shrike
 63486 | Depths:4 | Reached skill level 5 in Ice Magic
 63491 | Depths:4 | Killed a caustic shrike
 63502 | Depths:4 | Paralysed by a great orb of eyes for 6 turns
 63511 | Depths:4 | Noticed a golden dragon
 63521 | Depths:4 | Paralysed by a great orb of eyes for 5 turns
 63528 | Depths:4 | Killed a golden dragon
 63762 | Depths:4 | Found a runed door.
 63770 | Depths:4 | Found a runed door.
 63770 | Depths:4 | Found a runed door.
 63796 | Depths:4 | Paralysed by a great orb of eyes for 4 turns
 63809 | Depths:4 | Reached skill level 10 in Ice Magic
 63964 | Depths:4 | Found the ring of the Mage {Wiz MR++ Int+3}
 63990 | Depths:4 | Got a transparent war axe
 63992 | Depths:4 | Identified the +4 war axe of Keskeram {freeze, rF- Int+6} (You found it on level 4 of the Depths)
 64092 | Depths:4 | Reached XP level 23. HP: 186/215 MP: 21/30
 64238 | Depths:4 | Noticed a caustic shrike
 64250 | Depths:4 | Killed a caustic shrike
 65414 | Elf:2    | Bought the Disquisition on Cold and the Mountains for 1305 gold pieces
 65421 | Elf:2    | Learned a level 6 spell: Statue Form
 66220 | Elf:2    | Gained mutation: Your casting is slightly disrupted. [Ru sacrifice]
 66220 | Elf:2    | Reached ****** piety under Ru
 66384 | Elf:3    | Entered Level 3 of the Elven Halls
 66515 | Elf:3    | Found Lipixood's Book Shoppe.
 66851 | Elf:3    | Found a portal to a secret trove of treasure.
 68257 | Elf:3    | Got a warped iron ring
 68470 | Elf:3    | Identified Kijier's Catalogue of Evil Secrets and Bewitchment
 68637 | Elf:3    | Got a smoking great sword {slice}
 68730 | Elf:3    | Identified the +9 great sword of Ointment {slice, *Slow MR+ Int+4} (You took it off a deep elf demonologist on level 3 of the Elven Halls)
 68733 | Elf:3    | Got an encrusted long sword
 68734 | Elf:3    | Identified the +7 long sword of Baq Juh {drain, +Blink rPois MP+9 Dex-3} (You found it on level 3 of the Elven Halls)
 68774 | Elf:3    | Got a crude short sword
 68998 | Elf:3    | Identified the ring of the Chupacabra {*Tele +Fly Stlth+} (You took it off a deep elf annihilator on level 3 of the Elven Halls)
 69010 | Elf:3    | Identified the +0 short sword of Conformity {speed, rF+} (You found it on level 3 of the Elven Halls)
 69565 | Spider:3 | Killed Asterion
 69623 | Spider:3 | Killed Arachne
 69750 | Spider:3 | Noticed Louise
 69764 | Spider:3 | Killed Louise
 70438 | D:5      | Bought a manual of Hexes for 1545 gold pieces
 70997 | Vaults:5 | Entered Level 5 of the Vaults
 71130 | Vaults:4 | Gained mutation: Your body sometimes deteriorates upon taking damage. [a shining eye]
 71134 | Vaults:4 | Reached XP level 24. HP: 224/224 MP: 13/30
 71918 | Vaults:5 | Reached skill level 1 in Hexes
 72103 | Vaults:5 | Reached skill level 5 in Hexes
 72425 | Vaults:5 | Got a silver rune of Zot
 72772 | Vaults:5 | Got an iridescent long sword {freeze}
 72781 | Vaults:5 | Identified the Guide on Glacial Transformation
 72894 | Vaults:5 | Reached skill level 10 in Hexes
 72993 | Vaults:5 | Got an ancient trident {elec}
 72993 | Vaults:5 | Got a bloodstained spear {pierce}
 72993 | Vaults:5 | Got an ebony falchion {slice}
 72997 | Vaults:5 | Got a polished halberd {chop}
 73058 | Vaults:5 | Identified the cursed +1 spear "Killer Klown's Bane" {pierce, rF+} (You took it off a deep elf sorcerer on level 5 of the Vaults)
 73063 | Vaults:5 | Identified the +11 halberd "Qiceqite" {chop, rN+ Str+2} (You took it off a deep elf demonologist on level 5 of the Vaults)
 73064 | Vaults:5 | Identified the +6 falchion "Teant" {slice, +Rage rElec MR+ Str+3} (You took it off a yaktaur on level 5 of the Vaults)
 73066 | Vaults:5 | Identified the +2 long sword of Fear {freeze, +Inv} (You took it off a deep elf death mage on level 5 of the Vaults)
 73827 | Vaults:5 | Got a clouded graven amulet
 73881 | Vaults:5 | Learned a level 2 spell: Passwall
 74129 | D:10     | Identified the amulet "Laojely" {Spirit +Blink rPois} (You took it off a tengu reaver on level 5 of the Vaults)
 74395 | D:5      | Bought a book of Enchantments for 700 gold pieces
 74401 | D:5      | Learned a level 5 spell: Silence
 74726 | Slime:1  | Entered Level 1 of the Pits of Slime
 74738 | Slime:1  | Reached skill level 1 in Air Magic
 74783 | Slime:1  | Reached XP level 25. HP: 231/231 MP: 26/30
 75197 | D:5      | Bought a book of Party Tricks for 700 gold pieces
 75200 | D:5      | Learned a level 1 spell: Apportation
 75986 | Depths:4 | Reached skill level 5 in Air Magic
 76056 | Depths:4 | Found a blossoming altar of Fedhas.
 76580 | Depths:4 | Identified Sif Muna's Disquisition on the Birds
 78157 | Depths:5 | Bought a scroll of fog for 34 gold pieces
 78157 | Depths:5 | Bought a scroll of blinking for 127 gold pieces
 78157 | Depths:5 | Bought a scroll of blinking for 127 gold pieces
 78378 | Depths:5 | Found Qif Vone's Demolitions Depot.
 78622 | Depths:5 | Found a gate to the Realm of Zot.
 78882 | Zot:1    | Entered Level 1 of the Realm of Zot
 79012 | Zot:1    | Noticed an orb of fire
 79035 | Zot:1    | Killed an orb of fire
 79052 | Zot:1    | Reached XP level 26. HP: 134/239 MP: 6/30
 82285 | Zot:4    | Reached skill level 10 in Air Magic
 83461 | Depths:5 | Bought a book of Conjurations for 420 gold pieces
 83476 | Depths:5 | Learned a level 6 spell: Freezing Cloud
 83870 | Slime:1  | Reached skill level 1 in Conjurations
 83951 | Slime:1  | Found a viscous altar of Jiyva.
 84150 | Slime:2  | Reached XP level 27. HP: 246/246 MP: 21/30
 84904 | Slime:3  | Reached skill level 5 in Conjurations
 85216 | Slime:5  | Entered Level 5 of the Pits of Slime
 85236 | Slime:5  | Gained mutation: You have sharp toenails. [a shining eye]
 85239 | Slime:5  | Gained mutation: You do not regenerate when monsters are visible. [a shining eye]
 85789 | Slime:5  | Paralysed by a floating eye for 4 turns
 85799 | Slime:5  | Paralysed by a floating eye for 2 turns
 85801 | Slime:5  | Gained mutation: You are dopey. (Int -2) [a shining eye]
 85810 | Slime:5  | Gained mutation: Potions are less effective at restoring your health. [a shining eye]
 85818 | Slime:5  | Noticed the Royal Jelly
 85824 | Slime:5  | Killed the Royal Jelly
 85867 | Slime:4  | Noticed Dissolution
 86194 | Slime:5  | Gained mutation: You have a beak for a mouth. [a shining eye]
 86525 | Slime:5  | Identified Irheuqet's Reference Book on Battle Magic
 86547 | Slime:5  | Identified the Volume of Unstable Earth
 86588 | Slime:5  | Got a slimy rune of Zot
 86729 | Slime:5  | Got a transparent bardiche
 86736 | Slime:5  | Got a coiled amber ring
 86765 | Slime:5  | Identified the +7 bardiche "Iceo" {pain, rC+} (You found it on level 5 of the Pits of Slime)
 86768 | Slime:5  | Identified the ring of Trog's Envy {rC+ Dex+2 SInv} (You found it on level 5 of the Pits of Slime)
 86789 | Slime:5  | Got a brightly glowing hand axe
 86793 | Slime:5  | Identified the +7 hand axe of Outrage {chop, Str+3} (You found it on level 5 of the Pits of Slime)
 87538 | Slime:3  | Gained mutation: You are very dopey. (Int -4) [a shining eye]
 87539 | Slime:3  | Gained mutation: You occasionally shout uncontrollably at your foes. [a shining eye]
 87645 | Slime:3  | Learned a level 6 spell: Deflect Missiles
 88414 | Crypt:1  | Entered Level 1 of the Crypt
 88424 | Crypt:1  | Noticed Aizul
 88435 | Crypt:1  | Killed Aizul
 88560 | Crypt:1  | Reached skill level 10 in Crossbows
 88569 | Crypt:1  | Noticed Margery
 88600 | Crypt:1  | Killed Margery
 89713 | Crypt:2  | Reached skill level 10 in Spellcasting
 90173 | Crypt:2  | Got a transparent glaive
 90988 | Crypt:3  | Entered Level 3 of the Crypt
 91222 | Crypt:3  | Found an ancient bone altar of Kikubaaqudgha.
 91583 | Crypt:3  | Got a bound copper ring
 91589 | Crypt:3  | Identified the ring "Daiv" {rF+ rC++ Dex+2} (You found it on level 3 of the Crypt)
 91592 | Crypt:3  | Identified the +5 glaive "Pumpouq" {protect, MR+ Str+2 SInv} (You found it on level 2 of the Crypt)
 91731 | Crypt:3  | Got a scorched hunting sling
 91829 | Crypt:3  | Identified the Catalogue of Unreason
 91852 | Crypt:3  | Identified the +6 hunting sling "Jofuing" {velocity, Int+4} (You took it off a vampire knight on level 3 of the Crypt)
 91908 | Crypt:3  | Found a staircase to the Tomb.
 91940 | Crypt:3  | Identified Sif Muna's Volume of Aid and the Birds
 92680 | D:10     | Learned a level 9 spell: Shatter
 93353 | Depths:1 | Gained mutation: You are frail. (-10% HP) [mutagenic glow]
 93602 | Depths:1 | Gained mutation: You are clumsy. (Dex -2) [mutagenic glow]
 93932 | D:11     | Bought a glowing scarf for 208 gold pieces
 94019 | D:10     | Lost mutation: You are very dopey. (Int -4) [potion of mutation]
 94019 | D:10     | Lost mutation: You are dopey. (Int -2) [potion of mutation]
 94019 | D:10     | Lost mutation: You have sharp toenails. [potion of mutation]
 94019 | D:10     | Gained mutation: You have sharp toenails. [potion of mutation]
 94020 | D:10     | Lost mutation: Your body sometimes deteriorates upon taking damage. [potion of mutation]
 94020 | D:10     | Lost mutation: You have sharp toenails. [potion of mutation]
 94020 | D:10     | Lost mutation: You are clumsy. (Dex -2) [potion of mutation]
 94020 | D:10     | Lost mutation: You are frail. (-10% HP) [potion of mutation]
 94020 | D:10     | Gained mutation: You possess an exceptional clarity of mind. [potion of mutation]
 94273 | Depths:2 | Voluntarily entered the Abyss.
 95533 | Abyss:1  | Gained mutation: Scrolls take you a little longer to read. [a neqoxec]
 95870 | Abyss:1  | Found a corrupted altar of Lugonu.
 96065 | Abyss:2  | Found a corrupted altar of Lugonu.
 96078 | Abyss:2  | Found a corrupted altar of Lugonu.
 96122 | Abyss:2  | Found a corrupted altar of Lugonu.
 96426 | Abyss:3  | Found a corrupted altar of Lugonu.
 96613 | Abyss:3  | Found a corrupted altar of Lugonu.
 96725 | Abyss:3  | Paralysed by accursed screaming for 2 turns
 96842 | Abyss:3  | Found a corrupted altar of Lugonu.
 97402 | Abyss:3  | Paralysed by you for 7 turns
 97413 | Abyss:3  | Paralysed by accursed screaming for 2 turns
 98019 | Abyss:4  | Found a corrupted altar of Lugonu.
 98397 | Abyss:4  | Found a corrupted altar of Lugonu.
100136 | Abyss:4  | Found a corrupted altar of Lugonu.
100150 | Abyss:4  | Got an abyssal rune of Zot
100607 | Abyss:4  | Gained mutation: You expend magic power (3 MP) to strengthen your wands. [a neqoxec]
100893 | Abyss:4  | Paralysed by accursed screaming for 1 turns
100902 | Abyss:4  | Paralysed by accursed screaming for 2 turns
100910 | Abyss:4  | Paralysed by accursed screaming for 2 turns
100925 | Abyss:4  | Paralysed by accursed screaming for 1 turns
100931 | Depths:2 | Escaped the Abyss
101143 | Depths:2 | Voluntarily entered the Abyss.
101360 | Abyss:1  | Reached skill level 27 in Unarmed Combat
101478 | Abyss:1  | Gained mutation: Your body sometimes deteriorates upon taking damage. [a neqoxec]
101497 | Abyss:1  | Paralysed by accursed screaming for 2 turns
101564 | Depths:2 | Escaped the Abyss
101723 | Depths:2 | Voluntarily entered the Abyss.
102024 | Abyss:1  | Got a polished long sword
103006 | Abyss:1  | Found an iron altar of Okawaru.
104230 | Abyss:1  | Gained mutation: Your body often deteriorates upon taking damage. [a neqoxec]
104309 | Abyss:1  | Paralysed by you for 7 turns
104349 | Abyss:1  | Noticed an ancient lich
104354 | Abyss:1  | Killed an ancient lich
104850 | Abyss:1  | Found a corrupted altar of Lugonu.
104924 | Abyss:1  | Reached skill level 10 in Shields
104954 | Abyss:1  | Found a corrupted altar of Lugonu.
104956 | Depths:2 | Escaped the Abyss
105162 | Depths:2 | Voluntarily entered the Abyss.
105309 | Abyss:1  | Found a corrupted altar of Lugonu.
106128 | Abyss:1  | Gained mutation: You sometimes yell uncontrollably at your foes. [a cacodemon]
106675 | Abyss:1  | Paralysed by you for 7 turns
106959 | Abyss:1  | Found a sparkling altar of Nemelex Xobeh.
107267 | Abyss:1  | Reached skill level 15 in Shields
107317 | Abyss:1  | Gained mutation: You are very weak. (Str -4) [a neqoxec]
107435 | Depths:2 | Escaped the Abyss
107438 | Depths:2 | Lost mutation: Your body often deteriorates upon taking damage. [potion of mutation]
107438 | Depths:2 | Lost mutation: Scrolls take you a little longer to read. [potion of mutation]
107438 | Depths:2 | Lost mutation: You are very weak. (Str -4) [potion of mutation]
107438 | Depths:2 | Lost mutation: You expend magic power (3 MP) to strengthen your wands. [potion of mutation]
107438 | Depths:2 | Gained mutation: Your spells are a little easier to cast, but a little less powerful. [potion of mutation]
107438 | Depths:2 | Gained mutation: Your flesh is almost immune to the effects of cold. (rC+++) [potion of mutation]
107905 | Pan      | Entered Pandemonium
108554 | Pan      | Found an exit through the horrors of the Abyss.
109032 | Depths:2 | Escaped Pandemonium
109039 | Pan      | Entered Pandemonium
109377 | Pan      | Found a huge runed gate.
109378 | Pan      | Found a huge runed gate.
109379 | Pan      | Found a huge runed gate.
109379 | Pan      | Found a huge runed gate.
109379 | Pan      | Found a huge runed gate.
109379 | Pan      | Found a huge runed gate.
109381 | Pan      | Found a huge runed gate.
109381 | Pan      | Found a huge runed gate.
109381 | Pan      | Found a huge runed gate.
109381 | Pan      | Found a huge runed gate.
109381 | Pan      | Found a huge runed gate.
109381 | Pan      | Found a huge runed gate.
109381 | Pan      | Found a huge runed gate.
109382 | Pan      | Found a huge runed gate.
109383 | Pan      | Found a huge runed gate.
109384 | Pan      | Found a huge runed gate.
109384 | Pan      | Found a huge runed gate.
109571 | Pan      | Noticed Vuyruw the pandemonium lord
109579 | Pan      | Killed Vuyruw the pandemonium lord
109614 | Pan      | Got a brightly glowing granite ring
110023 | Pan      | Noticed Zena the pandemonium lord
110028 | Pan      | Killed Zena the pandemonium lord
110915 | Pan      | Lost mutation: Your body sometimes deteriorates upon taking damage. [potion of mutation]
110915 | Pan      | Lost mutation: You sometimes yell uncontrollably at your foes. [potion of mutation]
110915 | Pan      | Lost mutation: Your flesh is almost immune to the effects of cold. (rC+++) [potion of mutation]
110915 | Pan      | Gained mutation: You are very weak. (Str -4) [potion of mutation]
110915 | Pan      | Gained mutation: You are robust. (+10% HP) [potion of mutation]
110915 | Pan      | Gained mutation: You can translocate small distances at will. [potion of mutation]
111009 | Pan      | Noticed Suckecen the pandemonium lord
111037 | Pan      | Killed Suckecen the pandemonium lord
111068 | Pan      | Identified the ring "Otyergh" {*Tele *Contam rPois Str+2 Int+7} (You took it off an infernal demonspawn in Pandemonium)
111203 | Pan      | Lost mutation: Your spells are a little easier to cast, but a little less powerful. [potion of mutation]
111203 | Pan      | Lost mutation: You are robust. (+10% HP) [potion of mutation]
111203 | Pan      | Lost mutation: You are very weak. (Str -4) [potion of mutation]
111203 | Pan      | Lost mutation: You do not regenerate when monsters are visible. [potion of mutation]
111203 | Pan      | Gained mutation: Your spells are a little harder to cast, but a little more powerful. [potion of mutation]
111203 | Pan      | Gained mutation: Your mind is acute. (Int +2) [potion of mutation]
111254 | Pan      | Noticed Pifiedd the pandemonium lord
111271 | Pan      | Killed Pifiedd the pandemonium lord
111908 | Pan      | Gained mutation: You sometimes yell uncontrollably at your foes. [a neqoxec]
111919 | Pan      | Gained mutation: You do not regenerate when monsters are visible. [a neqoxec]
111996 | Pan      | Lost mutation: You possess an exceptional clarity of mind. [a neqoxec]
112044 | Pan      | Gained mutation: Your magical capacity is very low. (-20% MP) [a neqoxec]
112570 | Pan      | Noticed Nacanoit the pandemonium lord
112584 | Pan      | Killed Nacanoit the pandemonium lord
112669 | Pan      | Got a demonic rune of Zot
113061 | Pan      | Noticed Rutufout the pandemonium lord
113083 | Pan      | Killed Rutufout the pandemonium lord
113113 | Pan      | Got a warped flail {flame}
113343 | Pan      | Found an exit through the horrors of the Abyss.
113483 | Pan      | Gained mutation: Scrolls take you a little longer to read. [a neqoxec]
113670 | Pan      | Entered the realm of Gloorx Vloq.
114043 | Pan      | Noticed Gloorx Vloq
114055 | Pan      | Killed Gloorx Vloq
114241 | Pan      | Identified the +9 flail of Fedhas's Hope {flame, Str+3} (You took it off an infernal demonspawn in Pandemonium)
115055 | Pan      | Got a dark rune of Zot
115247 | Pan      | Found an exit through the horrors of the Abyss.
115377 | Pan      | Noticed Adejubr Rugg the pandemonium lord
115771 | Pan      | Killed Adejubr Rugg the pandemonium lord
116347 | Pan      | Entered the realm of Lom Lobon.
117323 | Pan      | Noticed Lom Lobon
117370 | Pan      | Killed Lom Lobon
117411 | Pan      | Got a magical rune of Zot
117576 | Pan      | Found an exit through the horrors of the Abyss.
117983 | Pan      | Reached skill level 27 in Dodging
118029 | Pan      | Noticed Oruv the pandemonium lord
118043 | Pan      | Killed Oruv the pandemonium lord
118243 | Pan      | Found an exit through the horrors of the Abyss.
118468 | Pan      | Reached skill level 27 in Fighting
118868 | Pan      | Found a white marble altar of Elyvilon.
119117 | Pan      | Got a pair of faintly glowing gloves
119123 | Pan      | Identified the -2 pair of gloves of Untruth {rElec rPois Str+3} (You found it in Pandemonium)
119565 | Pan      | Found a glowing silver altar of Zin.
120428 | Pan      | Found a glowing golden altar of the Shining One.
120439 | Pan      | Noticed a seraph
120456 | Pan      | Killed a seraph
120459 | Pan      | Got a faintly glowing great sword {antimagic}
120522 | Pan      | Identified the Catalogue of Assistive Weightlessness
120550 | Pan      | Got a pair of polished gloves
120553 | Pan      | Identified the cursed -2 pair of gloves of Pan-Flutes {Slay+2} (You found it in Pandemonium)
120565 | Depths:2 | Escaped Pandemonium
120571 | Depths:2 | Identified the +7 great sword of Hepliaklqana {antimagic, Str+4} (You took it off a seraph in Pandemonium)
120601 | Pan      | Entered the realm of Mnoleg.
120601 | Pan      | Entered Pandemonium
120727 | Pan      | Gained mutation: Your magical capacity is extremely low. (-30% MP) [a cacodemon]
120743 | Pan      | Found an exit through the horrors of the Abyss.
120771 | Pan      | Paralysed by a floating eye for 3 turns
120777 | Pan      | Paralysed by a floating eye for 2 turns
120801 | Pan      | Gained mutation: Your body sometimes deteriorates upon taking damage. [a neqoxec]
120847 | Pan      | Lost mutation: Your spells are a little harder to cast, but a little more powerful. [a cacodemon]
120866 | Pan      | Gained mutation: You are clumsy. (Dex -2) [a neqoxec]
121002 | Pan      | Gained mutation: Your body often deteriorates upon taking damage. [a shining eye]
121038 | Pan      | Gained mutation: You are very clumsy. (Dex -4) [a neqoxec]
121077 | Pan      | Gained mutation: You are frail. (-10% HP) [a neqoxec]
121088 | Pan      | Lost intelligence.
121088 | Pan      | Lost mutation: Your mind is acute. (Int +2) [a cacodemon]
121367 | Pan      | Lost mutation: Your magical capacity is extremely low. (-30% MP) [a shining eye]
121391 | Pan      | Noticed Mnoleg
121407 | Pan      | Killed Mnoleg
121477 | Pan      | Gained mutation: You tend to lose your temper in combat. [a neqoxec]
121693 | Pan      | Got a glowing rune of Zot
121838 | Pan      | Gained mutation: You are dopey. (Int -2) [a neqoxec]
121854 | Pan      | Gained mutation: Your spells are a little easier to cast, but a little less powerful. [a neqoxec]
121880 | Pan      | Paralysed by a floating eye for 3 turns
122024 | Pan      | Entered the realm of Cerebov.
122185 | Pan      | Found an exit through the horrors of the Abyss.
122747 | Pan      | Got a fine broad axe {vamp}
122854 | Pan      | Learned a level 2 spell: Swiftness
122959 | Pan      | Got a scintillating bone ring
122964 | Pan      | Identified the ring "Sytokk" {Int+2 Stlth+} (You took it off a balrug in Pandemonium)
123052 | Pan      | Got a smoking steel ring
123057 | Pan      | Identified the ring "Huavuyp" {Wiz rF+++ Str+4 Int+4 Dex-4} (You took it off an efreet in Pandemonium)
123063 | Pan      | Identified the cursed +1 broad axe "Lett" {vamp, rC+} (You took it off a balrug in Pandemonium)
123117 | Pan      | Noticed Cerebov
123688 | Pan      | Got a crude cloak
123691 | Pan      | Identified the +0 cloak of Omission {*Drain Str+5 Int+4 Dex+2} (You found it in Pandemonium)
123768 | Pan      | Killed Cerebov
123804 | Pan      | Got a fiery rune of Zot
125147 | Pan      | Noticed Jan Rank the pandemonium lord
125158 | Pan      | Killed Jan Rank the pandemonium lord
125486 | Pan      | Found an exit through the horrors of the Abyss.
125521 | Pan      | Got a dazzling broad axe
125524 | Pan      | Identified the +6 broad axe "Dahas" {flame, Int+2} (You found it in Pandemonium)
126090 | Depths:2 | Escaped Pandemonium
126107 | Pan      | Entered Pandemonium
126741 | Pan      | Paralysed by you for 3 turns
127174 | Pan      | Found an exit through the horrors of the Abyss.
127311 | Pan      | Gained mutation: Potions are poor at restoring your health. [a cacodemon]
127642 | Depths:2 | Escaped Pandemonium
127875 | Zot:5    | Entered Level 5 of the Realm of Zot
127900 | Zot:5    | Got a transparent ivory ring
127906 | Zot:5    | Identified the cursed ring of Xion {rF++ Str+3 Int-2} (You found it on level 5 of the Realm of Zot)
127997 | Zot:5    | Noticed an ancient lich
128003 | Zot:5    | Killed an ancient lich
128283 | Zot:5    | Noticed an ancient lich
128289 | Zot:5    | Killed an ancient lich
128301 | Zot:5    | Noticed an ancient lich
128319 | Zot:5    | Killed an ancient lich
128549 | Zot:5    | Noticed an ancient lich
128558 | Zot:5    | Killed an ancient lich
128592 | Zot:5    | Noticed an orb of fire
128592 | Zot:5    | Gained mutation: You are very weak. (Str -4) [an orb of fire]
128600 | Zot:5    | Gained mutation: You frequently scream uncontrollably at your foes. [an orb of fire]
128608 | Zot:5    | Gained mutation: You are very dopey. (Int -4) [an orb of fire]
128612 | Zot:5    | Gained mutation: You are very frail. (-20% HP) [an orb of fire]
128613 | Zot:5    | Killed an orb of fire
128618 | Zot:5    | Noticed an ancient lich
128630 | Zot:5    | Killed an ancient lich
129835 | Zot:5    | Noticed an ancient lich
129853 | Zot:5    | Killed an ancient lich
130489 | Zot:5    | Reached skill level 1 in Stealth
130613 | Zot:5    | Noticed an orb of fire
130627 | Zot:5    | Killed an orb of fire
130627 | Zot:5    | Reached skill level 5 in Stealth
130854 | Zot:5    | Noticed an orb of fire
130862 | Zot:5    | Gained mutation: Scrolls take you longer to read. [an orb of fire]
130863 | Zot:5    | Killed an orb of fire
131276 | Zot:5    | Noticed an ancient lich
131286 | Zot:5    | Killed an ancient lich
131529 | Depths:2 | Learned a level 5 spell: Lee's Rapid Deconstruction
133165 | D:10     | Learned a level 3 spell: Mephitic Cloud
133171 | D:10     | Learned a level 5 spell: Irradiate
133175 | D:10     | Learned a level 3 spell: Portal Projectile
133195 | D:10     | Learned a level 2 spell: Shroud of Golubria
133704 | Zig:1    | Entered Level 1 of a ziggurat
133724 | Zig:2    | Entered Level 2 of a ziggurat
133805 | Zig:3    | Entered Level 3 of a ziggurat
133835 | Zig:4    | Entered Level 4 of a ziggurat
133930 | Zig:5    | Entered Level 5 of a ziggurat
133994 | Zig:5    | Lost mutation: You are very clumsy. (Dex -4) [potion of mutation]
133994 | Zig:5    | Lost mutation: You are very frail. (-20% HP) [potion of mutation]
133994 | Zig:5    | Lost mutation: You are frail. (-10% HP) [potion of mutation]
133994 | Zig:5    | Lost mutation: Scrolls take you longer to read. [potion of mutation]
133994 | Zig:5    | Lost mutation: You are clumsy. (Dex -2) [potion of mutation]
133994 | Zig:5    | Gained mutation: You are agile. (Dex +2) [potion of mutation]
134099 | Zig:6    | Entered Level 6 of a ziggurat
134165 | Zig:7    | Entered Level 7 of a ziggurat
134180 | Zig:7    | Gained mutation: Your spells are easier to cast, but less powerful. [mutagenic glow]
134196 | Zig:7    | Reached skill level 10 in Stealth
134348 | Zig:8    | Entered Level 8 of a ziggurat
134460 | Zig:8    | Identified the Catalogue of Freezing Clay
134855 | Zig:9    | Entered Level 9 of a ziggurat
135244 | Zig:10   | Entered Level 10 of a ziggurat
135268 | Zig:10   | Noticed a greater mummy
135269 | Zig:10   | Noticed a greater mummy
135270 | Zig:10   | Noticed a greater mummy
135284 | Zig:10   | Killed a greater mummy
135288 | Zig:10   | Killed a greater mummy
135300 | Zig:10   | Killed a greater mummy
135348 | Zig:10   | Got a smoking bone ring
135371 | Zig:10   | Got a shimmering ruby amulet
135376 | Zig:10   | Identified the amulet of Aranuog {Harm *Drain rPois rF+ Int+3} (You acquired it on level 10 of a ziggurat)
135394 | Zig:10   | Identified the ring of Uptywku {rCorr rElec Dex+2} (You found it on level 10 of a ziggurat)
136133 | Hell     | Entered the Vestibule of Hell
136133 | Hell     | Noticed Geryon
136690 | Hell     | Reached skill level 15 in Crossbows
136712 | Hell     | Killed Geryon
137251 | Hell     | Found a gateway to the freezing wastes of Cocytus.
137421 | Hell     | Found a gateway to the decaying netherworld of Tartarus.
137501 | Hell     | Found a gateway to the ashen valley of Gehenna.
137535 | Hell     | Found a gateway to the Iron City of Dis.
137638 | Coc:1    | Entered Level 1 of Cocytus
138437 | Coc:3    | Lost mutation: You are agile. (Dex +2) [a cacodemon]
139720 | Coc:7    | Entered Level 7 of Cocytus
140184 | Coc:7    | Identified the Incunabulum of Changing and Aid
140186 | Coc:7    | Identified Edoprawa's Catalogue of Excruciating Moulding
140884 | Coc:7    | Noticed the Serpent of Hell
140900 | Coc:7    | Killed the Serpent of Hell
141157 | Coc:7    | Noticed Antaeus
141228 | Coc:7    | Killed Antaeus
141293 | Coc:7    | Got an icy rune of Zot
141546 | Coc:7    | Paralysed by fainting for 6 turns
142635 | Geh:1    | Entered Level 1 of Gehenna
145461 | Geh:7    | Entered Level 7 of Gehenna
146165 | Geh:7    | Noticed Asmodeus
146203 | Geh:7    | HP: 15/402 [the effects of Hell (11)]
146624 | Geh:7    | Killed Asmodeus
146704 | Geh:7    | Got an obsidian rune of Zot
147753 | D:10     | Learned a level 8 spell: Necromutation
147947 | Pan      | Entered Pandemonium
147948 | Pan      | Gained mutation: You are frail. (-10% HP) [a cacodemon]
147972 | Pan      | Gained mutation: You are clumsy. (Dex -2) [a neqoxec]
147974 | Pan      | Gained mutation: Your magical capacity is extremely low. (-30% MP) [a neqoxec]
148088 | Pan      | Noticed Ram Fompular the pandemonium lord
148101 | Pan      | Killed Ram Fompular the pandemonium lord
148545 | Pan      | Reached skill level 27 in Crossbows
148863 | Pan      | Found an exit through the horrors of the Abyss.
149077 | Pan      | Gained mutation: You often lose your temper in combat. [a cacodemon]
149241 | Pan      | Reached skill level 10 in Necromancy
149856 | Pan      | Found an exit through the horrors of the Abyss.
150099 | Pan      | Noticed Asapint the pandemonium lord
150104 | Pan      | Killed Asapint the pandemonium lord
150352 | Pan      | Got a dazzling arbalest
150878 | Pan      | Identified the cursed +0 arbalest of Uncomfortable Rashes {velocity, rF+} (You found it in Pandemonium)
150968 | Pan      | Found an exit through the horrors of the Abyss.
151090 | Pan      | Noticed Yjavimnu the pandemonium lord
151106 | Pan      | Killed Yjavimnu the pandemonium lord
152171 | Pan      | Took an exit into the Abyss.
152171 | Abyss:1  | Escaped into the Abyss
152670 | Abyss:1  | Reached skill level 15 in Necromancy
152670 | Abyss:1  | Paralysed by accursed screaming for 2 turns
152680 | Abyss:1  | Paralysed by accursed screaming for 2 turns
152700 | Abyss:1  | Paralysed by accursed screaming for 1 turns
152704 | Abyss:1  | Paralysed by accursed screaming for 1 turns
152860 | Depths:2 | Escaped the Abyss
152892 | Pan      | Entered Pandemonium
152978 | Pan      | Noticed Jorri the pandemonium lord
152996 | Pan      | Killed Jorri the pandemonium lord
153139 | Pan      | Noticed Ignacio
153158 | Pan      | Killed Ignacio
153767 | Pan      | Noticed Qutuala the pandemonium lord
153771 | Pan      | Reached skill level 15 in Spellcasting
153777 | Pan      | Killed Qutuala the pandemonium lord
153935 | Pan      | Lost mutation: You are very weak. (Str -4) [potion of mutation]
153935 | Pan      | Lost mutation: You frequently scream uncontrollably at your foes. [potion of mutation]
153935 | Pan      | Gained mutation: Your flesh is almost immune to the effects of cold. (rC+++) [potion of mutation]
154052 | Pan      | Found an exit through the horrors of the Abyss.
154692 | Pan      | Found an exit through the horrors of the Abyss.
154775 | Pan      | Noticed Atynnuw the pandemonium lord
154781 | Pan      | Killed Atynnuw the pandemonium lord
155275 | Pan      | Gained mutation: Scrolls take you longer to read. [a cacodemon]
155739 | Pan      | Reached skill level 1 in Translocations
155846 | Pan      | Noticed Sohakhleo the pandemonium lord
155855 | Pan      | Killed Sohakhleo the pandemonium lord
155857 | Pan      | Reached skill level 5 in Translocations
155911 | Pan      | Got a serpentine crystal amulet
155916 | Pan      | Identified the amulet "Ajeutsuo" {Spirit Dex+3} (You found it in Pandemonium)
156123 | Pan      | Found an exit through the horrors of the Abyss.
156560 | Pan      | Noticed Lahat the pandemonium lord
156576 | Pan      | Killed Lahat the pandemonium lord
157287 | Pan      | Reached skill level 10 in Translocations
158486 | Pan      | Found an exit through the horrors of the Abyss.
158523 | Pan      | Got a crude cloak
158553 | Pan      | Identified Yveo's Grimoire of the Snowflakes and Clay
158558 | Pan      | Identified the +2 cloak of Xom's Approval {+Blink Str-4 Dex+5 SInv} (You found it in Pandemonium)
158598 | Pan      | Found an exit through the horrors of the Abyss.
158603 | Pan      | Found a runed door.
158673 | Pan      | Found a runed door.
158693 | Pan      | Found a runed door.
158695 | Pan      | Noticed Kimpai the pandemonium lord
158709 | Pan      | Killed Kimpai the pandemonium lord
158745 | Pan      | Found a runed door.
159405 | Pan      | Got an ancient granite ring
159453 | Pan      | Identified the ring "Yvouci" {*Slow rPois Int+5 Dex+4} (You found it in Pandemonium)
159867 | Pan      | Reached skill level 15 in Translocations
159966 | Pan      | Noticed Dipush the pandemonium lord
159984 | Pan      | Killed Dipush the pandemonium lord
160447 | Pan      | Learned a level 6 spell: Darkness
161011 | Pan      | Gained mutation: You have an uncontrollable temper. [a neqoxec]
161214 | Pan      | Found an exit through the horrors of the Abyss.
161359 | Pan      | Noticed Qeta the pandemonium lord
161383 | Pan      | Killed Qeta the pandemonium lord
161665 | Pan      | Noticed Fapnyupu the pandemonium lord
161674 | Pan      | Killed Fapnyupu the pandemonium lord
162369 | Pan      | Found an exit through the horrors of the Abyss.
163027 | Pan      | Noticed Uxog the pandemonium lord
163034 | Pan      | Killed Uxog the pandemonium lord
163414 | Depths:2 | Escaped Pandemonium
163710 | D:10     | Learned a level 8 spell: Controlled Blink
164113 | Depths:1 | Got a dazzling whip
164145 | Depths:1 | Identified the +2 whip "Firustatt" {speed, *Noise MR+ Int+4} (You found it on level 1 of the Depths)
164257 | Dis:1    | Entered Level 1 of the Iron City of Dis
165068 | Dis:3    | You fall through a shaft for 2 floors!
165502 | Dis:7    | Entered Level 7 of the Iron City of Dis
166537 | Dis:7    | Learned a level 8 spell: Borgnjor's Revivification
167357 | Dis:7    | Found the +7 Singing Sword
167411 | Dis:7    | Got an ichor-stained dire flail
167481 | Dis:7    | Identified the cursed +1 dire flail of Death's Door {venom, Int+2 Dex+4 Stlth+} (You found it on level 7 of the Iron City of Dis)
167879 | Dis:7    | Noticed Dispater
167907 | Dis:7    | Killed Dispater
167968 | Dis:7    | Got an iron rune of Zot
167969 | Dis:7    | Identified Ruewiv's Reference Book on Unholy Malediction
168283 | Pan      | Entered Pandemonium
169048 | Pan      | Found an exit through the horrors of the Abyss.
169537 | Pan      | Noticed Daer the pandemonium lord
169560 | Pan      | Killed Daer the pandemonium lord
169602 | Pan      | Reached skill level 27 in Shields
169816 | Depths:2 | Escaped Pandemonium
169985 | Tar:1    | Entered Level 1 of Tartarus
171866 | Tar:6    | Gained mutation: Scrolls take you much longer to read. [mutagenic glow]
172496 | Tar:7    | Entered Level 7 of Tartarus
172942 | Tar:7    | Found the +6 arbalest "Damnation" {damnation}
173076 | Tar:7    | Noticed an ancient lich
173091 | Tar:7    | Killed an ancient lich
174275 | Tar:7    | Noticed Ereshkigal
174301 | Tar:7    | Killed Ereshkigal
174646 | Tar:7    | Got a bone rune of Zot
174863 | Depths:2 | Learned a level 9 spell: Shatter
175830 | Tar:2    | You fall through a shaft!
176404 | Tar:5    | Learned a level 5 spell: Lee's Rapid Deconstruction
176757 | Tar:7    | Got a sparkling turquoise ring
177427 | Tar:7    | Identified the Grimoire of the Voyage and Beguiling
177493 | Tar:7    | Got a pitted falchion {flame}
177513 | Tar:7    | Identified the +4 falchion "Dugotola" {flame, rF+ MR+ Int-4} (You took it off a vampire knight on level 7 of Tartarus)
177517 | Tar:7    | Identified the cursed ring "Jalaulah" {AC-2 Int+2 Slay+3} (You found it on level 7 of Tartarus)
177786 | D:10     | Learned a level 5 spell: Silence
177790 | D:10     | Learned a level 1 spell: Apportation
178049 | Tomb:1   | Entered Level 1 of the Tomb of the Ancients
179193 | Tomb:1   | Noticed a greater mummy
179234 | Tomb:1   | Killed a greater mummy
179255 | Tomb:1   | Noticed a greater mummy
179269 | Tomb:1   | Killed a greater mummy
179547 | Tomb:1   | Noticed a greater mummy
179577 | Tomb:1   | Killed a greater mummy
179609 | Tomb:1   | Noticed a greater mummy
179640 | Tomb:1   | Killed a greater mummy
179895 | Tomb:1   | Noticed a greater mummy
180023 | Tomb:1   | Noticed a greater mummy
180039 | Tomb:1   | Killed a greater mummy
180052 | Tomb:1   | Noticed a greater mummy
180094 | Tomb:1   | Killed a greater mummy
180110 | Tomb:1   | Noticed a greater mummy
180127 | Tomb:1   | Killed a greater mummy
180185 | Tomb:1   | Killed a greater mummy
180236 | Tomb:1   | Noticed a greater mummy
180249 | Tomb:1   | Killed a greater mummy
180323 | Tomb:1   | Noticed a greater mummy
180344 | Tomb:1   | Killed a greater mummy
180364 | Tomb:1   | Noticed a greater mummy
180378 | Tomb:1   | Killed a greater mummy
180398 | Tomb:1   | Noticed a greater mummy
180403 | Tomb:1   | Noticed a greater mummy
180410 | Tomb:1   | Noticed a greater mummy
180411 | Tomb:1   | Killed a greater mummy
180431 | Tomb:1   | Killed a greater mummy
180448 | Tomb:1   | Killed a greater mummy
180846 | Tomb:2   | Killed Jorgrun
180931 | Tomb:2   | Noticed a greater mummy
180946 | Tomb:2   | Killed a greater mummy
180949 | Tomb:2   | Noticed a greater mummy
180966 | Tomb:2   | Killed a greater mummy
180971 | Tomb:2   | Noticed Mara
180977 | Tomb:2   | Noticed Redear's illusion
181018 | Tomb:2   | Killed Mara
181033 | Tomb:2   | Noticed a greater mummy
181047 | Tomb:2   | Killed a greater mummy
181073 | Tomb:2   | Noticed a greater mummy
181083 | Tomb:2   | Killed a greater mummy
181083 | Tomb:2   | Reached skill level 27 in Earth Magic
181567 | Tomb:3   | Entered Level 3 of the Tomb of the Ancients
181621 | Tomb:3   | Noticed a greater mummy
181626 | Tomb:3   | Noticed a greater mummy
181772 | Tomb:3   | Noticed an ancient lich
181772 | Tomb:3   | Noticed a greater mummy
181789 | Tomb:3   | Killed an ancient lich
181818 | Tomb:3   | Killed a greater mummy
181825 | Tomb:3   | Killed a greater mummy
182120 | Tomb:3   | Noticed a greater mummy
182135 | Tomb:3   | Killed a greater mummy
182199 | Tomb:3   | Killed a greater mummy
182556 | Tomb:3   | Noticed a greater mummy
182574 | Tomb:3   | Killed a greater mummy
182586 | Tomb:3   | Noticed a greater mummy
182600 | Tomb:3   | Killed a greater mummy
182632 | Tomb:3   | Noticed a greater mummy
182652 | Tomb:3   | Killed a greater mummy
182809 | Tomb:3   | Noticed an ancient lich
182819 | Tomb:3   | Killed an ancient lich
182839 | Tomb:3   | Got a golden rune of Zot
182970 | Tomb:3   | Found the +5 robe of Night {Dark MR+ SInv}
182982 | Tomb:3   | Found the +8 storm bow {elec}
183117 | Tomb:3   | Got a transparent war axe
183122 | Tomb:3   | Identified the +1 war axe of Law {drain, *Noise rF++ MR+ SInv} (You found it on level 3 of the Tomb of the Ancients)
184128 | Zot:5    | Got the Orb of Zot
184129 | Zot:5    | Noticed an ancient lich
184136 | Zot:5    | Killed an ancient lich
184554 | D:14     | Noticed Icleatak the pandemonium lord
184554 | D:14     | Noticed an ancient lich
184803 | D:1      | Gained mutation: You frequently scream uncontrollably at your foes. [a neqoxec]
184811 | D:1      | Noticed a seraph
184821 | D:$      | Escaped with the Orb!

Skill      XL: |  1  2  3  4  5  6  7  8  9 10 11 12 13 14 15 16 17 18 19 20 21 22 23 24 25 26 27 |
---------------+----------------------------------------------------------------------------------+-----
Unarmed Combat | 4 5 6 8 9 11 12 15 17 20 22 27 | 27.0
Dodging        | 5 7 11 15 16 19 21 27 | 27.0
Fighting       | 7 9 11 13 18 20 27 | 27.0
Transmutations | 8 11 14 15 17 | 17.0
Shields        | 5 27 | 27.0
Spellcasting   | 7 26 | 26.6
Charms         | 2 10 11 | 11.3
Necromancy     | 7 18 | 18.2
Earth Magic    | 1 15 16 27 | 27.0
Ice Magic      | 12 | 12.0
Hexes          | 12 | 12.3
Air Magic      | 1 8 11 | 11.1
Conjurations   | 2 7 |  7.8
Crossbows      | 27 | 27.0
Stealth        | 14 | 14.5
Translocations | 19 | 19.0

Action                   |  1- 3 |  4- 6 |  7- 9 | 10-12 | 13-15 | 16-18 | 19-21 | 22-24 | 25-27 || total
-------------------------+-------+-------+-------+-------+-------+-------+-------+-------+-------++-------
Melee: Unarmed           |   116 |    14 |   300 |   702 |   961 |   892 |  1037 |  1039 | 15381 || 20442
       Tailslap          |    14 |    30 |    42 |   115 |   190 |   168 |   198 |   192 |  3041 ||  3990
       Punch             |     2 |     7 |    12 |    25 |    37 |    75 |    97 |   107 |   823 ||  1185
       Short sword       |    16 |   128 |       |       |       |       |       |       |       ||   144
       Hand axe          |       |   105 |       |       |       |       |       |       |       ||   105
       Headbutt          |       |     3 |     5 |    14 |    27 |    16 |       |       |       ||    65
       Kick              |       |     1 |       |     9 |    16 |       |       |       |       ||    26
       Staff             |       |       |       |     3 |   116 |     5 |     5 |    27 |   158 ||   314
       Bite              |       |       |       |       |    61 |   102 |   136 |   143 |   893 ||  1335
       Peck              |       |       |       |       |       |       |       |       |  2358 ||  2358
       Hand crossbow     |       |       |       |       |       |       |       |       |     7 ||     7
 Fire: Shortbow          |       |       |       |    15 |       |       |       |       |       ||    15
       Blowgun           |       |       |       |     1 |    22 |       |       |       |       ||    23
       Hand crossbow     |       |       |       |       |    37 |    69 |       |     4 |  2144 ||  2254
       Triple crossbow   |       |       |       |       |       |       |       |       |    59 ||    59
Throw: Javelin           |       |       |       |       |     3 |    10 |       |       |       ||    13
       Tomahawk          |       |       |       |       |       |     4 |       |       |       ||     4
 Cast: Beastly Appendage |       |     3 |     3 |    13 |    16 |     4 |       |       |       ||    39
       Sticks to Snakes  |       |       |     1 |     4 |     2 |       |       |       |       ||     7
       Confusing Touch   |       |       |       |     2 |     2 |       |       |       |       ||     4
       Blade Hands       |       |       |       |     8 |    19 |     8 |     1 |     5 |       ||    41
       Dragon Form       |       |       |       |       |    43 |    76 |    80 |    70 |   472 ||   741
       Slow              |       |       |       |       |     1 |       |       |       |       ||     1
       Corona            |       |       |       |       |     1 |       |       |       |       ||     1
       Blink             |       |       |       |       |     1 |       |       |       |       ||     1
       Regeneration      |       |       |       |       |       |       |    13 |    65 |   586 ||   664
       Song of Slaying   |       |       |       |       |       |       |    17 |    27 |   139 ||   183
       Ozocubu's Armour  |       |       |       |       |       |       |     3 |    50 |   395 ||   448
       Petrify           |       |       |       |       |       |       |     1 |       |       ||     1
       Statue Form       |       |       |       |       |       |       |       |     5 |   157 ||   162
       Silence           |       |       |       |       |       |       |       |       |    28 ||    28
       Necromutation     |       |       |       |       |       |       |       |       |   179 ||   179
       Lee's Rapid Decon |       |       |       |       |       |       |       |       |   105 ||   105
       Deflect Missiles  |       |       |       |       |       |       |       |       |    46 ||    46
       Freezing Cloud    |       |       |       |       |       |       |       |       |    38 ||    38
       Controlled Blink  |       |       |       |       |       |       |       |       |    28 ||    28
       Shatter           |       |       |       |       |       |       |       |       |    25 ||    25
       Darkness          |       |       |       |       |       |       |       |       |    22 ||    22
       Irradiate         |       |       |       |       |       |       |       |       |     8 ||     8
       Mephitic Cloud    |       |       |       |       |       |       |       |       |     3 ||     3
       Shroud of Golubri |       |       |       |       |       |       |       |       |     1 ||     1
       Portal Projectile |       |       |       |       |       |       |       |       |     1 ||     1
       Apportation       |       |       |       |       |       |       |       |       |     1 ||     1
Invok: Sacrifice Essence |       |       |     1 |       |       |       |     1 |     1 |       ||     3
       Reject Sacrifices |       |       |       |     1 |     2 |       |     1 |       |       ||     4
       Sacrifice Artific |       |       |       |     1 |       |       |       |       |       ||     1
       Draw Out Power    |       |       |       |       |     1 |       |       |       |    14 ||    15
       Sacrifice Love    |       |       |       |       |     1 |       |       |       |       ||     1
       Sacrifice Purity  |       |       |       |       |       |     1 |       |       |       ||     1
       Sacrifice an Eye  |       |       |       |       |       |       |     1 |       |       ||     1
       Apocalypse        |       |       |       |       |       |       |       |     2 |    14 ||    16
       Power Leap        |       |       |       |       |       |       |       |       |     9 ||     9
 Abil: Breathe Frost     |       |       |    10 |    22 |    12 |     7 |    14 |    15 |    15 ||    95
       End Transformatio |       |       |       |       |       |     9 |     1 |     9 |    75 ||    94
       Blink             |       |       |       |       |       |       |       |       |     4 ||     4
Evoke: Wand              |       |       |    17 |    17 |       |       |       |       |       ||    34
  Use: Scroll            |     4 |     3 |    11 |     9 |    17 |     9 |    11 |    26 |   134 ||   224
       Potion            |       |     9 |     1 |     2 |     2 |     2 |     1 |    15 |   100 ||   132
 Stab: Sleeping          |       |     2 |       |     1 |     1 |       |       |       |    11 ||    15
       Invisible         |       |       |       |       |     6 |     6 |     6 |    10 |   121 ||   149
       Confused          |       |       |       |       |     2 |     1 |       |       |     2 ||     5
       Distracted        |       |       |       |       |     4 |     3 |     8 |     7 |   150 ||   172
       Paralysed         |       |       |       |       |     1 |     1 |     1 |    10 |    68 ||    81
       Petrified         |       |       |       |       |     1 |       |       |       |     1 ||     2
  Eat: Chunk             |     4 |     9 |    11 |    34 |    55 |    62 |    91 |    48 |   152 ||   466
       Ration            |       |       |     2 |     2 |    13 |     9 |     1 |    10 |   108 ||   145
Armor: Skin              |    57 |    74 |    79 |   109 |   323 |   373 |   306 |   379 |  2837 ||  4537
Dodge: Dodged            |   119 |   127 |   140 |   317 |   590 |   624 |   651 |   645 |  8025 || 11238
       Deflected         |       |       |       |       |       |       |       |       |   205 ||   205
Block: Other             |       |       |       |    23 |     7 |       |       |    44 |       ||    74
       Buckler           |       |       |       |   109 |   169 |    53 |    13 |    44 |    83 ||   471
       Reflection        |       |       |       |     1 |       |       |       |     7 |    89 ||    97
       Large shield      |       |       |       |       |       |       |       |       |  8223 ||  8223
       Shield            |       |       |       |       |       |       |       |       |   668 ||   668
       Rpst.: Unarmed    |       |       |       |       |       |       |       |       |   190 ||   190
       Staff             |       |       |       |       |       |       |       |       |    10 ||    10
       Hand crossbow     |       |       |       |       |       |       |       |       |     4 ||     4
